 Dungeon Crawl Stone Soup version 0.31.0-11-ge490571c62 (webtiles) character file.

Game seed: 1531885224087251753

15858815 pigah the Shapeless Octopus (level 27, 336/336 HPs)
             Began as an Octopode Shapeshifter on Feb 1, 2024.
             Was an Initiate of Gozag.
             Escaped with the Orb
             ... and 15 runes!
             The game lasted 03:48:41 (99570 turns).

pigah the Shapeless Octopus (OpSh)                 Turns: 99570, Time: 03:48:41

Health: 336/336    AC: 18    Str: 42    XL:     27
Magic:  54/54      EV: 36    Int: 48    God:    Gozag
Gold:   42926      SH:  0    Dex: 27    Spells: 46/80 levels left

rFire   + + .        A - melded staff "Beastslayer" {^Drain rElec rN+ Necro Air}
rCold   + . .        (shield currently unavailable)
rNeg    + + +        F - melded +0 hat of Bright Knowledge {rF+}
rPois   +            C - amulet of Vitality {RegenMP++ Regen++}
rElec   +            u - ring "Qakoe" {*Corrode rElec rPois Will+++ Int+6}
rCorr   +            r - ring "Goxte" {+Blink rElec rC- Str+6 Dex+8}
SInv    +            n - ring "Ogu Arih" {EV+5 Dex+2 Slay+3}
Will    +++++        t - ring of Dugeetev {Wiz ^Contam Str+4 Int+9 Dex+2}
Stlth   ++++         K - ring "Gyimexzor" {rC++ rN++ Slay+4}
HPRegen 2.36/turn    T - ring of the Grand God {rC+ rN+ Int+2 SInv}
MPRegen 1.14/turn    N - ring of Balance {rN+ Str+3 Dex+6}
                     Q - ring of Awkewud {rCorr Int+8}

%: corrode self (3%), wizardry (x1)
@: dragon-form, flying, studying 5 skills
A: dragon claw, dragon scales, breathe fire, flying, boosted hp, almost no
armour, amphibious, 8 rings, giant, (camouflage 1), (gelatinous body 1), (nimble
swimmer 1), (tentacles), (tentacle spike 1), clever 1, clumsy 1, strong-willed 1
0: Orb of Zot
}: 15/15 runes: serpentine, barnacled, slimy, silver, golden, iron, obsidian,
icy, bone, abyssal, demonic, glowing, magical, fiery, dark
a: Breathe Fire, Begin Untransformation, Renounce Religion, Evoke Blink, Potion
Petition, Call Merchant, Bribe Branch


You escaped.
You worshipped Gozag.
Gozag was extremely pleased with you.
You were a fearsome dragon!
You visited 18 branches of the dungeon, and saw 88 of its levels.
You visited Pandemonium 1 time, and saw 16 of its levels.
You visited the Abyss 2 times.
You visited 1 bazaar.
You completed 1 ziggurat, and saw 27 of its levels.
You also visited: Trove and Desolation.

You collected 71966 gold pieces.
You spent 16164 gold pieces at shops.
You paid 12876 gold pieces to Gozag.

Inventory:

Armour
 F - the +0 hat of Bright Knowledge (melded) {rF+}
   (You bought it in a shop on level 4 of the Depths)

   rF+:       It protects you from fire.
Magical Staves
 A - the staff "Beastslayer" (melded) {^Drain rElec rN+ Necro Air}
   (You acquired it on level 3 of the Elven Halls)

   [staff of air]

   Base accuracy: +5 Base damage: 5 Base attack delay: 1.2 This weapon's minimum
   attack delay (0.6) is reached at skill level 12.
   rElec:     It insulates you from electricity.
   rN+:       It protects you from negative energy.
   ^Drain:    It drains your maximum health when unequipped.
   Necro:     It increases the power of your Necromancy spells.
   Air:       It increases the power of your Air spells.
   It falls into the 'Staves' category.
   It is a one-tentacled weapon.
Jewellery
 j - the ring of Liecodgh {^Drain rC+ rCorr Str+2 Int+3}
   (You found it in Pandemonium)

   [ring of resist corrosion]

   Str+2:     It affects your strength (+2).
   Int+3:     It affects your intelligence (+3).
   rC+:       It protects you from cold.
   rCorr:     It protects you from acid and corrosion.
   ^Drain:    It drains your maximum health when unequipped.
 n - the ring "Ogu Arih" (on tentacle) {EV+5 Dex+2 Slay+3}
   (You bought it in a shop on level 7 of the Dungeon)

   [ring of evasion]

   EV+5:      It affects your evasion (+5).
   Dex+2:     It affects your dexterity (+2).
   Slay+3:    It affects your accuracy & damage with ranged weapons and melee
   (+3).
 r - the ring "Goxte" (right foreclaw) {+Blink rElec rC- Str+6 Dex+8}
   (You found it on level 16 of a ziggurat)

   [ring of strength]

   Str+6:     It affects your strength (+6).
   Dex+8:     It affects your dexterity (+8).
   rC-:       It makes you vulnerable to cold.
   rElec:     It insulates you from electricity.
   +Blink:    It lets you blink.
 t - the ring of Dugeetev (on tentacle) {Wiz ^Contam Str+4 Int+9 Dex+2}
   (You found it in a treasure trove)

   [ring of wizardry]

   Wiz:       It improves your spell success rate.
   Str+4:     It affects your strength (+4).
   Int+9:     It affects your intelligence (+9).
   Dex+2:     It affects your dexterity (+2).
   ^Contam:   It causes magical contamination when unequipped.
 u - the ring "Qakoe" (left foreclaw) {*Corrode rElec rPois Will+++ Int+6}
   (You found it on level 7 of Cocytus)

   [ring of intelligence]

   Int+6:     It affects your intelligence (+6).
   rElec:     It insulates you from electricity.
   rPois:     It protects you from poison Will+++: It greatly increases your
   willpower.
   *Corrode:  It may corrode you when you take damage.
 B - the amulet of the Air {Inacc Air Fly rElec RMsl}
   (You found it on level 7 of the Iron City of Dis)

   [amulet of nothing]

   Inacc:     It reduces the accuracy of your attacks and spells.
   Air:       It enhances your air magic.
   rElec:     It insulates you from electricity.
   Fly:       It grants you flight.
   RMsl:      It protects you from missiles.
 C - the amulet of Vitality (around neck) {RegenMP++ Regen++}
   (You found it on level 11 of a ziggurat)

   [amulet of magic regeneration]

   RegenMP:   It increases your rate of magic regeneration.
   Regen++:   It increases your rate of health regeneration.
 G - the ring "Sokluu Petio" {*Slow Fly Will+ Dex+7}
   (You found it on level 4 of the Vaults)

   [ring of willpower]

   Dex+7:     It affects your dexterity (+7).
   Will+:     It increases your willpower.
   Fly:       It grants you flight.
   *Slow:     It may slow you when you take damage.
 K - the ring "Gyimexzor" (on tentacle) {rC++ rN++ Slay+4}
   (You bought it in a shop on level 8 of the Dungeon)

   [ring of slaying]

   Slay+4:    It affects your accuracy & damage with ranged weapons and melee
   (+4).
   rC++:      It greatly protects you from cold.
   rN++:      It greatly protects you from negative energy.
 N - the ring of Balance (on tentacle) {rN+ Str+3 Dex+6}
   (You bought it in a shop on level 7 of the Dungeon)

   [ring of dexterity]

   Str+3:     It affects your strength (+3).
   Dex+6:     It affects your dexterity (+6).
   rN+:       It protects you from negative energy.
 P - the ring of Crawling {Fire rElec rPois rN+ Int-4 Dex+2}
   (You found it in a treasure trove)

   [ring of fire]

   Fire:      It enhances your fire magic.
   Int-4:     It affects your intelligence (-4).
   Dex+2:     It affects your dexterity (+2).
   rF+:       It protects you from fire.
   rC-:       It makes you vulnerable to cold.
   rElec:     It insulates you from electricity.
   rPois:     It protects you from poison rN+: It protects you from negative
   energy.
 Q - the ring of Awkewud (on tentacle) {rCorr Int+8}
   (You acquired it on level 5 of the Vaults)

   [ring of resist corrosion]

   Int+8:     It affects your intelligence (+8).
   rCorr:     It protects you from acid and corrosion.
 R - the amulet "Cuxzoenn" {*Slow +Blink rElec Regen+ Str+4}
   (You found it in a treasure trove)

   [amulet of regeneration]

   Str+4:     It affects your strength (+4).
   rElec:     It insulates you from electricity.
   +Blink:    It lets you blink.
   Regen+:    It increases your rate of health regeneration.
   *Slow:     It may slow you when you take damage.
 T - the ring of the Grand God (on tentacle) {rC+ rN+ Int+2 SInv}
   (You found it in a treasure trove)

   [ring of positive energy]

   Int+2:     It affects your intelligence (+2).
   rC+:       It protects you from cold.
   rN+:       It protects you from negative energy.
   SInv:      It lets you see invisible.
 Z - the amulet of Dithmenos's Reproof {rElec Regen+ Int+4}
   (You found it on level 14 of a ziggurat)

   [amulet of regeneration]

   Int+4:     It affects your intelligence (+4).
   rElec:     It insulates you from electricity.
   Regen+:    It increases your rate of health regeneration.
Talismans
 k - a dragon-blood talisman (active)
 o - a talisman of death
Wands
 q - a wand of paralysis (171)
 z - a wand of digging (62)
 M - a wand of mindburst (90)
 U - a wand of acid (55)
Scrolls
 h - 11 scrolls of silence
 l - 17 scrolls of immolation
 s - 16 scrolls of blinking
 v - 44 scrolls of teleportation
 y - 7 scrolls of poison
 L - 4 scrolls of summoning
 S - 10 scrolls of fear
 W - 12 scrolls of fog
 Y - 3 scrolls of torment
Potions
 a - 18 potions of might
 b - 3 potions of invisibility
 d - 9 potions of brilliance
 e - 6 potions of berserk rage
 f - 23 potions of curing
 g - 13 potions of magic
 i - 26 potions of mutation
 m - 13 potions of haste
 p - 17 potions of heal wounds
 w - 12 potions of enlightenment
 E - 8 potions of cancellation
 H - 7 potions of ambrosia
 J - 8 potions of lignification
 O - 9 potions of attraction
 X - 7 potions of resistance
Miscellaneous
 c - a phial of floods
 x - a tin of tremorstones (2/2)
 I - a lightning rod (4/4)
 V - 2 +1 figurines of a ziggurat


   Skills:
 O Level 27 Fighting
 * Level 18.7 Staves
 O Level 27 Dodging
 O Level 27 Stealth
 O Level 27 Unarmed Combat
 O Level 27 Spellcasting
 O Level 27 Conjurations
 - Level 19.9 Fire Magic
 O Level 27 Air Magic
 * Level 15.8 Evocations
 O Level 27 Shapeshifting


You had 46 spell levels left.
You knew the following spells:

 Your Spells              Type           Power      Damage    Failure   Level
b - Swiftness             Air            100%       N/A       0%          3
j - Arcjolt               Conj/Air       72%        1d82      0%          5
l - Chain Lightning       Conj/Air       72%        3d96      1%          9
m - Maxwell's Capacitive  Air            72%        ∞         0%          8
q - Silence               Hex/Air        57%        N/A       0%          5
v - Vhi's Electric Charg  Tloc/Air       100%       N/A       0%          4

Your spell library contained the following spells:

 Spells                   Type           Power      Damage    Failure   Level
 Foxfire                  Conj/Fire      100%       2x1d9     0%          1
 Kiss of Death            Conj/Necr      100%       2d13      0%          1
 Magic Dart               Conj           100%       1d8       0%          1
 Shock                    Conj/Air       100%       1d9       0%          1
 Sting                    Conj/Alch      100%       1d9       0%          1
 Cigotuvi's Dreadful Rot  Necr/Alch/Air  100%       N/A       0%          2
 Mercury Vapours          Alch/Air       100%       N/A       0%          2
 Momentum Strike          Conj/Tloc      100%       3d10      0%          2
 Scorch                   Fire           100%       2d9       0%          2
 Searing Ray              Conj           100%       2d8       0%          2
 Static Discharge         Conj/Air       100%       3-8/arc   0%          2
 Dazzling Flash           Conj/Hex       100%       N/A       0%          3
 Hailstorm                Conj/Ice       100%       3d16      0%          3
 Inner Flame              Hex/Fire       100%       N/A       0%          3
 Mephitic Cloud           Conj/Alch/Air  100%       N/A       0%          3
 Stone Arrow              Conj/Erth      100%       3d13      0%          3
 Volatile Blastmotes      Fire/Tloc      100%       2d18      0%          3
 Airstrike                Air            72%        2d(11-27) 0%          4
 Brom's Barrelling Bould  Conj/Erth      100%       2d11      0%          4
 Flame Wave               Conj/Fire      100%       2d21      0%          4
 Fulminant Prism          Conj/Alch      57%        3d25      0%          4
 Iskenderun's Mystic Bla  Conj/Tloc      100%       2d19      0%          4
 Summon Lightning Spire   Summ/Air       100%       N/A       0%          4
 Fireball                 Conj/Fire      69%        3d26      0%          5
 Freezing Cloud           Conj/Ice/Air   63%        6-21      0%          5
 Irradiate                Conj/Alch      57%        3d30      0%          5
 Iskenderun's Battlesphe  Conj           100%       2d15      0%          5
 Conjure Ball Lightning   Conj/Air       72%        3x3d27    0%          6
 Plasma Beam              Fire/Air       69%        2x1d85    0%          6
 Starburst                Conj/Fire      69%        6d18      0%          6
 Orb of Destruction       Conj           72%        9d17      0%          7
 Apportation              Tloc           100%       N/A       1%          1
 Freeze                   Ice            100%       1d10      1%          1
 Necrotise                Necr           100%       1d9       1%          1
 Sandblast                Erth           100%       2d20      1%          1
 Slow                     Hex            100%       N/A       1%          1
 Summon Small Mammal      Summ           100%       N/A       1%          1
 Blink                    Tloc           100%       N/A       1%          2
 Call Imp                 Summ           100%       N/A       1%          2
 Ensorcelled Hibernation  Hex/Ice        100%       N/A       1%          2
 Jinxbite                 Hex            100%       N/A       1%          2
 Lesser Beckoning         Tloc           100%       N/A       1%          2
 Sublimation of Blood     Necr           59%        N/A       1%          2
 Call Canine Familiar     Summ           59%        N/A       1%          3
 Confusing Touch          Hex            59%        N/A       1%          3
 Frozen Ramparts          Ice            100%       1d16      1%          3
 Fugue of the Fallen      Necr           59%        N/A       1%          3
 Gell's Gravitas          Tloc           59%        N/A       1%          3
 Ozocubu's Armour         Ice            59%        N/A       1%          3
 Passwall                 Erth           59%        N/A       1%          3
 Sigil of Binding         Hex            59%        N/A       1%          3
 Summon Ice Beast         Ice/Summ       59%        N/A       1%          3
 Teleport Other           Tloc           59%        N/A       1%          3
 Tukima's Dance           Hex            59%        N/A       1%          3
 Vampiric Draining        Necr           59%        2d10      1%          3
 Anguish                  Hex/Necr       29%        N/A       1%          4
 Cause Fear               Hex            29%        N/A       1%          4
 Dimensional Bullseye     Hex/Tloc       29%        N/A       1%          4
 Dispel Undead            Necr           59%        3d21      1%          4
 Ignite Poison            Fire/Alch      100%       N/A       1%          4
 Leda's Liquefaction      Alch/Erth      29%        N/A       1%          4
 Manifold Assault         Tloc           59%        N/A       1%          4
 Martyr's Knell           Necr/Summ      59%        N/A       1%          4
 Olgreb's Toxic Radiance  Alch           59%        N/A       1%          4
 Passage of Golubria      Tloc           59%        N/A       1%          4
 Petrify                  Alch/Erth      59%        N/A       1%          4
 Sticky Flame             Fire/Alch      100%       2d15      1%          4
 Summon Blazeheart Golem  Fire/Summ      100%       N/A       1%          4
 Alistair's Intoxication  Alch           39%        N/A       1%          5
 Borgnjor's Vile Clutch   Necr/Erth      29%        N/A       1%          5
 Curse of Agony           Necr           59%        N/A       1%          5
 Lee's Rapid Deconstruct  Erth           29%        3d15*     1%          5
 Metabolic Englaciation   Hex/Ice        29%        N/A       1%          5
 Summon Forest            Summ/Tloc      29%        N/A       1%          5
 Summon Mana Viper        Hex/Summ       59%        N/A       1%          5
 Yara's Violent Unravell  Hex/Alch       29%        3d12      1%          5
 Bombard                  Conj/Erth      57%        9d9       1%          6
 Spellforged Servitor     Conj/Summ      57%        N/A       1%          7
 Ignition                 Fire           65%        3d17      1%          8
 Lehudib's Crystal Spear  Conj/Erth      57%        10d13     1%          8
 Fire Storm               Conj/Fire      69%        8d17      1%          9
 Death Channel            Necr           29%        N/A       11%         6
 Dispersal                Tloc           29%        N/A       11%         6
 Eringya's Noxious Bog    Alch           29%        4d6       11%         6
 Sculpt Simulacrum        Ice/Alch       29%        N/A       11%         6
 Summon Cactus Giant      Summ           29%        N/A       11%         6
 Enfeeble                 Hex            29%        N/A       50%         7
 Haunt                    Necr/Summ      29%        N/A       50%         7
 Malign Gateway           Summ/Tloc      29%        N/A       50%         7
 Monstrous Menagerie      Summ           29%        N/A       50%         7
 Ozocubu's Refrigeration  Ice            29%        4d14      50%         7
 Summon Hydra             Summ           29%        N/A       50%         7
 Borgnjor's Revivificati  Necr           29%        N/A       98%         8
 Discord                  Hex            29%        N/A       98%         8
 Disjunction              Tloc           29%        N/A       98%         8
 Infestation              Necr           29%        N/A       98%         8
 Summon Horrible Things   Summ           29%        N/A       98%         8
 Death's Door             Necr           29%        N/A       100%        9
 Dragon's Call            Summ           29%        N/A       100%        9
 Polar Vortex             Ice            29%        12d3*     100%        9
 Shatter                  Erth           29%        3d24*     100%        9
 Animate Armour           Summ/Erth      Unusable   N/A       N/A         4
 Animate Dead             Necr           Unusable   N/A       N/A         4

Dungeon Overview and Level Annotations

Branches:
Dungeon (15/15)            Temple (1/1) D:4            Lair (5/5) D:8
 Shoals (4/4) Lair:3        Snake (4/4) Lair:2        Slime (5/5) Lair:5
    Orc (2/2) D:12            Elf (3/3) Orc:2        Vaults (5/5) D:14
  Crypt (3/3) Vaults:3       Tomb (3/3) Crypt:3      Depths (4/4) D:15
   Hell (visited)             Dis (7/7) Hell            Geh (7/7) Hell
    Coc (7/7) Hell            Tar (7/7) Hell            Zot (5/5) Depths:4
Desolation (visited)

Altars:
Ashenzari
Cheibriados
Dithmenos
Elyvilon
Fedhas
Gozag
Hepliaklqana
Kikubaaqudgha
Makhleb
Nemelex Xobeh
Okawaru
Qazlal
Ru
Sif Muna
Trog
Uskayaw
Vehumet
Wu Jian
Xom
Yredelemnul
Zin
The Shining One
Jiyva

Shops:
D:7 *==   D:8 (=(!=   Orc:2 [?[[   Elf:3 [!*   Shoals:4 :   Snake:1 *
Snake:2 ((![   Snake:3 *:==   Vaults:1 !!=   Vaults:3 [?   Depths:3 *
Depths:4 [*:!*

Portals:
Hell: Lair:5 Depths:1 Depths:2 Depths:3 Depths:4
Abyss: D:4 Depths:3
Pandemonium: Depths:2 Depths:3

Annotations:
D:10 6 transporters


Innate Abilities, Weirdness & Mutations

You are a fearsome dragon!
You have a powerful clawing attack.
Your giant scaled body is strong and resilient, but less evasive.
You can breathe fire.
You are flying.
Your maximum health is greatly increased.
Your armour is entirely melded.
You are incapable of wielding weapons or throwing items.
You cannot wear most types of armour.
You are amphibious.
You can wear up to eight rings at the same time.
((Your skin changes colour to match your surroundings (Stealth+).))
((Your rubbery body absorbs attacks. (AC +1, EV +1)))
((You are camouflaged when in or above water. (Stealth+)))
((You have tentacles for arms and can constrict up to eight enemies at once.))
((One of your tentacles bears a spike.))
Your mind is acute. (Int +4, Str/Dex -1)
You are clumsy. (Dex -2)
You are strong-willed. (Will+)


Message History

You now have 42873 gold pieces (gained 21).
You see here a +0 demon whip of flaming.
You now have 42883 gold pieces (gained 10).
You now have 42898 gold pieces (gained 15).
You now have 42921 gold pieces (gained 23).
You now have 42926 gold pieces (gained 5).
HP restored.
A blizzard demon comes into view.
The blizzard demon shouts!
The blizzard demon completely misses you.
The blizzard demon misses you.
You maul the blizzard demon!!!!!
You kill the blizzard demon!
No target in view!
No target in view!
No target in view!
No target in view!
No target in view!
No target in view!
No target in view!
No target in view!
No target in view!
No target in view!
There is a stone staircase leading up, spattered with blood here.
You fly upwards.
There is a stone staircase leading down here.
There is a stone staircase leading up here.
You fly upwards.
There is a stone staircase leading down here.
You see here a +0 ring mail.
There is a stone staircase leading up here.
You fly upwards.
There is a stone staircase leading down here.
You see here a +0 dagger.
There is a stone staircase leading up here.
You fly upwards.
There is a stone staircase leading down here.
A Tzitzimitl comes into view.
There is a staircase leading out of the dungeon here.
You have escaped!

.........♣.............♣.....##..
####..♣♣♣~♣.....PP....♣~♣♣♣..##..
...#.♣...♣~♣...PPPP..♣~♣...♣.##..
...#♣.....♣~♣PPPPPPP♣~♣.....♣##..
...#♣......♣~♣PPPPP♣~♣......♣ #..
...#♣......P♣~♣PPP♣~♣P......♣ #..
...#♣.....PPP♣~♣♣♣~♣PPP.....♣##..
...#.♣...PPPPP♣~~~♣PPPPP...♣.####
...#..♣..PPPPP♣~D~♣PPPPP..♣..#
####.♣....PPPP♣~~~♣PPPP....♣.#
#♣......PP♣~♣♣♣1♣PP......♣####
♣......P♣~♣PPP♣~♣P......♣....
♣......♣~♣PPPPP♣~♣......♣....
♣.....♣~♣PPPPPPP♣~♣.....♣....
#♣...♣~♣..PPPP...♣~♣...♣#....
#♣♣♣~♣....PP.....♣~♣♣♣##....
#♣...(.........♣# #....


You could see a Tzitzimitl.

Vanquished Creatures
  Cerebov (Pan)
  Antaeus (Coc:7)
  Asmodeus (Geh:7)
  the Royal Jelly (Slime:5)
  Mnoleg (Pan)
  Gloorx Vloq (Pan)
  Ereshkigal (Tar:7)
  the Serpent of Hell (Tar:7)
  Lom Lobon (Pan)
  A seraph (Pan)
  2 orbs of fire (Zot:5)
  Dispater (Dis:7)
  13 dread liches
  Khufu (Tomb:3)
  7 ancient liches
  Mara (Vaults:4)
  The ghost of Uneer the Black Belt, a legendary GnFE of Okawaru (Zot:3)
  Mennas (Crypt:1)
  Josephina (Zot:3)
  36 royal mummies
  Parghit (Zot:3)
  15 shard shrikes
  11 Killer Klowns
  Saint Roka (Vaults:4)
  47 caustic shrikes
  Jory (Vaults:3)
  Geryon (Hell)
  The ghost of Esecs the Devastator, a veteran GrEE of Lugonu (Crypt:1)
  27 bone dragons
  19 golden dragons
  21 profane servitors
  15 doom hounds
  17 Brimstone Fiends
  3 pearl dragons
  3 electric golems
  25 pandemonium lords
  19 iron giants
  17 Tzitzimimeh
  A shard shrike zombie (Geh:3)
  3 spectral shard shrikes
  35 Hell Sentinels
  21 tainted leviathans
  13 hellephants
  43 Ice Fiends
  2 deep elf blademasters (Elf:3)
  29 searing wretches
  A walking divine tome (Depths:3)
  20 tentacled monstrosities
  13 liches
  A deep elf master archer (Elf:3)
  8 death cobs
  9 titans
  25 Orb Guardians (Zot:5)
  25 acid blobs
  2 quicksilver dragons (shapeshifter) (Zig:22)
  14 quicksilver dragons
  3 walking frostbound tomes
  Polyphemus (Shoals:2)
  11 sphinxes
  An eldritch tentacle (Zig:22)
  A sphinx (shapeshifter) (Zig:22)
  42 Executioners
  21 tentacled starspawn
  13 ancient champions
  Frances (D:13)
  9 nagarajas
  Aizul (Snake:1)
  20 shadow dragons
  18 storm dragons
  10 tengu reavers
  24 rockslimes
  9 protean progenitors
  17 daevas
  13 demonspawn warmongers
  15 azure jellies
  3 fire giants (shapeshifter) (Zig:22)
  7 draconian knights
  5 fenstrider witches
  6 draconian monks
  10 revenants
  15 fire giants
  14 frost giants
  18 narguns
  An emperor scorpion (shapeshifter) (Zig:22)
  14 iron dragons
  6 shard shrike simulacra
  9 draconian scorchers
  42 quicksilver elementals
  7 draconian shifters
  5 curse skulls
  13 deep elf sorcerers
  21 orc warlords
  2 imperial myrmidons (Desolation)
  3 spectral juggernauts
  5 deep elf elementalists
  42 balrugs
  21 vault wardens
  17 reapers
  3 spectral caustic shrikes
  5 ghost moths
  23 ironbound preservers
  The ghost of player the Sorcerer, an adept DENe of Kikubaaqudgha (Elf:1)
  8 ghouls
  30 angels (Pan)
  5 caustic shrike skeletons
  5 draconian stormcallers
  14 cacodemons
  11 quicksilver oozes
  9 demonspawn blood saints
  7 demonspawn corrupters
  29 stone giants
  3 spriggan defenders
  18 very ugly things
  11 formless jellyfish
  9 draconian annihilators
  30 apis
  4 juggernaut skeletons
  11 demonspawn black suns
  15 ophanim
  10 vampire knights
  10 green draconians
  12 ironbound thunderhulks
  25 elemental wellsprings
  A spectral titan (Tar:3)
  19 black draconians
  5 deep elf demonologists
  10 deep elf death magi
  An eleionoma (Zig:11)
  12 lorocyprocas
  29 putrid mouths
  8 dire elephants (Abyss:4)
  12 bennus
  A halazid warlock (Desolation)
  2 minotaurs (Pan)
  15 deep elf annihilators
  15 red draconians
  42 war gargoyles
  12 white draconians
  A bunyip (Zot:4)
  22 yellow draconians
  21 wendigos
  7 spark wasps
  14 purple draconians
  A dire elephant (shapeshifter) (Zig:22)
  Snorg (Orc:2)
  25 blizzard demons
  35 iron golems
  3 entropy weavers
  17 ettins
  17 fire dragons
  6 eidola
  14 jiangshi
  5 spriggan zombies
  2 crystal guardians (Desolation)
  14 deep elf high priests
  A spectral iron giant (Tar:3)
  13 green deaths
  11 merfolk impalers
  Fannar (Lair:1)
  11 yaktaur captains
  29 mummy priests
  The ghost of Jase the Grappler, a journeyman DrSh of Ru (Lair:1)
  6 merfolk javelineers
  A spectral golden dragon (Zot:3)
  5 spectral spriggans
  A shambling mangrove (Zig:11)
  3 spectral krakens (Tar:7)
  11 servants of whispers
  6 ragged hierophants (Desolation)
  16 ice dragons
  14 great orbs of eyes
  2 quicksilver dragon skeletons
  14 hydras
  7 hell beasts
  A spriggan air mage (Depths:3)
  36 vault guards
  6 rakshasas
  3 alligator snapping turtles
  12 peacekeepers
  21 salamander tyrants
  3 alligators
  10 ogre magi
  A ghost crab (Zig:11)
  10 caustic shrike simulacra
  10 merfolk aquamancers
  14 anacondas
  4 catoblepae
  13 boulder beetles
  10 centaur warriors
  12 juggernaut simulacra
  A fenstrider witch skeleton (Crypt:1)
  9 stokers
  14 two-headed ogres
  7 ironbound frosthearts
  3 merfolk avatars
  A spectral draconian (Zot:3)
  A sphinx zombie (Crypt:2)
  A satyr (Shoals:2)
  2 jorogumos (Pan)
  29 dancing weapons
  3 spriggan skeletons
  11 naga warriors
  73 death scarabs
  29 thrashing horrors
  7 death yaks
  2 deep troll shamans
  A spectral storm dragon (Zot:3)
  4 tengu warriors
  4 deep troll earth magi
  4 spriggan berserkers (Depths:2)
  3 occultists
  A demonic crawler (Hell)
  20 hell knights
  32 hell hogs
  22 orc high priests
  8 vampire magi
  14 shock serpents
  22 naga sharpshooters
  A shock serpent (shapeshifter) (Vaults:2)
  34 soul eaters
  31 crystal echidnas
  6 spriggans
  46 sun demons
  2 storm dragon zombies
  A fire crab (Zig:22)
  29 deep elf knights
  2 hellephant skeletons (Pan)
  7 iron trolls
  23 wretched stars
  5 shadow wraiths
  29 sixfirhies
  52 skeletal warriors
  17 cherubim
  10 salamander mystics
  19 shadow demons
  A skyshark (shapeshifter) (Zig:22)
  An anaconda zombie (Crypt:3)
  4 skysharks
  A golden dragon zombie (Zig:21)
  12 sea snakes
  8 spectral anacondas
  11 glowing orange brains
  10 quicksilver dragon simulacra
  3 spatial maelstroms
  2 goliath frogs (Zig:11)
  6 death drakes (Zig:23)
  A mana viper (shapeshifter) (Elf:1)
  6 swamp dragons
  8 sun moths (Pan)
  11 flayed ghosts
  70 deep trolls
  2 deep trolls (shapeshifter) (Zig:22)
  An orb spider (shapeshifter) (Vaults:3)
  A kraken simulacrum (Shoals:4)
  2 bog bodies (Crypt:1)
  17 deep elf archers
  10 naga ritualists
  2 orb spiders
  A bunyip skeleton (Crypt:2)
  2 spriggan druids (Zig:11)
  5 arcanists
  A harpy (shapeshifter) (D:13)
  A spectral hydra (Tar:5)
  A spectral iron dragon (Tar:3)
  22 harpies
  An anaconda skeleton (Hell)
  3 shadow dragon zombies
  19 orc knights
  13 lindwurms
  19 mana vipers
  17 ironbound convokers
  64 starcursed masses
  A wolf spider zombie (D:15)
  2 golden dragon skeletons (Zig:21)
  10 orc sorcerers
  8 phantasmal warriors
  26 deep elf zephyrmancers
  12 necromancers
  6 cyclopes
  2 spectral ettins
  A will-o-the-wisp (Zig:11)
  23 manticores
  31 deep elf pyromancers
  A stone giant zombie (Crypt:2)
  36 ugly things
  35 moths of wrath
  A shadow dragon skeleton (Crypt:3)
  Maurice (Orc:2)
  An alligator skeleton (Crypt:2)
  17 shining eyes
  13 elephants
  24 salamanders
  6 fauns
  2 spectral alligator snapping turtles (Tar:3)
  5 centaur zombies
  55 black mambas
  2 ice statues (Depths:1)
  2 stone giant skeletons (Crypt:3)
  2 moths of wrath (shapeshifter)
  7 worldbinders
  2 fire giant skeletons (Geh:3)
  2 kobold blastminers (Zig:27)
  11 merfolk sirens
  13 guardian serpents
  9 eyes of devastation
  2 guardian serpents (shapeshifter)
  11 rust devils
  4 meliai
  2 water nymphs (shapeshifter)
  14 water nymphs
  12 apocalypse crabs
  14 naga magi
  13 spectral swamp worms (Tar:7)
  13 cane toads
  A torpor snail (shapeshifter) (Vaults:5)
  6 molten gargoyles
  61 large abominations
  51 smoke demons
  6 gargoyles
  3 titan simulacra
  2 eyes of devastation (shapeshifter)
  17 vault sentinels
  21 orange demons
  An alligator snapping turtle skeleton (Tomb:3)
  An orb spider zombie (Crypt:2)
  2 dire elephant skeletons
  6 komodo dragons
  2 storm dragon simulacra
  An iron troll zombie (Crypt:2)
  60 hellions
  38 yaktaurs
  2 catoblepas zombies
  A mana viper skeleton (Crypt:2)
  11 rime drakes
  A spectral naga (Tar:3)
  12 freezing wraiths
  28 tormentors
  7 efreet
  6 kobold demonologists
  9 ice devils
  A tengu conjurer (D:15)
  5 anaconda simulacra
  A human skeleton (Vaults:5)
  A bunyip simulacrum (Coc:2)
  A golden dragon simulacrum (Coc:5)
  2 harpy zombies
  12 ancient zymes
  2 iron giant simulacra (Coc:4)
  10 red devils
  52 guardian mummies
  A sea snake skeleton (Crypt:2)
  4 hydra zombies
  27 merfolk
  A queen bee (Lair:1)
  2 spectral harpies
  14 trolls
  A bloated husk (Zig:11)
  2 silent spectres
  2 polar bears
  A queen bee (shapeshifter) (Abyss:4)
  A tengu simulacrum (Depths:3)
  Prince Ribbit (D:7)
  6 harpy skeletons
  26 hellwings
  4 tyrant leeches (Abyss:3)
  Grinder (D:3)
  51 saltlings
  11 hornets
  37 raiju
  16 wind drakes
  13 dream sheep
  5 glass eyes
  A hydra skeleton (Hell)
  20 blink frogs
  13 snapping turtles
  A stone giant simulacrum (Coc:2)
  A dream sheep (shapeshifter) (D:13)
  A slime creature (shapeshifter) (Zig:10)
  3 draconian simulacra (Zot:3)
  2 fire dragon skeletons
  A jumping spider (Vaults:2)
  An air elemental (Elf:1)
  2 ettin skeletons
  4 naga simulacra
  42 ynoxinuls
  A centaur simulacrum (Crypt:2)
  3 vampires
  5 shadows
  6 dire elephant simulacra
  111 slime creatures
  31 ushabtiu
  A culicivora (Vaults:2)
  17 water elementals
  A black mamba skeleton (Abyss:3)
  Grum (Lair:1)
  13 wraiths
  8 wyverns
  2 fire elementals
  7 basilisks
  3 fire bats (Pan)
  35 yaks
  5 golden eyes
  18 vampire mosquitoes
  2 alligator snapping turtle simulacra (Coc:3)
  2 humans (D:9)
  7 steam dragons
  A yak (shapeshifter) (Abyss:3)
  A human (shapeshifter) (D:13)
  3 wargs
  31 neqoxecs
  3 redbacks (Vaults:3)
  16 harpy simulacra
  32 nagas
  6 spatial vortices
  Edmund (D:6)
  2 swamp worms (shapeshifter)
  18 chaos spawn
  A naga zombie (Abyss:4)
  16 small abominations
  6 acid dragons
  3 hydra simulacra
  7 hell hounds
  A demonspawn skeleton (Crypt:2)
  15 water moccasins
  2 moth of wrath simulacra (Zot:3)
  4 swamp drakes (Zig:23)
  The ghost of zenocrate the Sneak, an amateur VSEn (D:4)
  2 ice beasts (D:5)
  22 orc warriors
  2 glowing shapeshifter skeletons
  4 ettin simulacra
  31 ogres
  A black bear (shapeshifter) (Elf:1)
  6 black bears
  A black mamba simulacrum (Crypt:1)
  A merfolk simulacrum (Crypt:2)
  4 centaurs
  45 laughing skulls
  A crocodile (shapeshifter) (Abyss:3)
  A boggart (D:15)
  28 wolves
  A manticore skeleton (Crypt:2)
  A phantom (D:6)
  A hog skeleton (Crypt:1)
  12 brain worms
  8 kobold brigands
  3 weeping skulls (Abyss:3)
  Blork the orc (D:4)
  12 bullfrogs
  A necrophage (Crypt:2)
  An earth elemental (Elf:1)
  A glowing shapeshifter simulacrum (Zig:21)
  3 scorpions
  6 wights
  21 killer bees
  A shapeshifter zombie (Crypt:2)
  A raiju skeleton (Crypt:1)
  2 howler monkeys
  9 electric eels
  A bombardier beetle (D:6)
  2 quasits (Abyss:3)
  Crazy Yiuf (D:2)
  14 orc priests
  6 hounds
  4 iron imps
  18 orc wizards
  A black bear skeleton (Crypt:1)
  2 boggart zombies (D:15)
  4 iguanas
  2 sky beast zombies (Crypt:1)
  2 tengu skeletons
  93 mummies
  Robin (D:2)
  5 gnolls
  9 adders
  5 shadow imps
  6 white imps
  9 ufetubi
  2 dart slugs
  A ribbon worm (D:3)
  56 orcs
  8 ball pythons
  7 endoplasms
  A giant cockroach (D:2)
  21 goblins
  6 hobgoblins
  3 jackals (D:3)
  22 kobolds
  A quokka (D:2)
  A bat (D:1)
  A frilled lizard (D:3)
  3 rats
  5 aspiring fleshes
  5 creeping infernos
  14 fire vortices
  2 lurking horrors (Abyss:3)
  15 starspawn tentacles
  A tentacle (Shoals:4)
5375 creatures vanquished.

Vanquished Creatures (others)
  A Killer Klown (Zig:22)
  A Brimstone Fiend (Geh:4)
  An eldritch tentacle (Pan)
  2 fenstrider witches
  A demonspawn warmonger (Pan)
  2 demonspawn blood saints (Pan)
  A green death (Pan)
  2 blizzard demons (Pan)
  3 juggernaut simulacra
  A caustic shrike simulacrum (Coc:7)
  A hell hog (Geh:6)
  A sun demon (Pan)
  An iron troll (Zig:27)
  A quicksilver dragon simulacrum (Coc:5)
  A naga mage (Zig:19)
  An orange demon (Zig:17)
  A golden dragon simulacrum (Zig:25)
  A fire bat (Pan)
  A wraith (Crypt:3)
  A dire elephant simulacrum (Coc:4)
  A harpy simulacrum (Coc:5)
  An ettin simulacrum (Coc:7)
  An orc wizard (D:12)
  3 creeping infernos
  A fire vortex (Geh:2)
  2 lurking horrors
  17 starspawn tentacles
  11 tentacles
62 creatures vanquished.

Grand Total: 5437 creatures vanquished

Notes
Turn   | Place    | Note
-------+----------+-------------------------------------------
     0 | D:1      | pigah the Octopode Shapeshifter began the quest for the
                  | Orb.
     0 | D:1      | Reached XP level 1. HP: 13/13 MP: 1/1
    38 | D:1      | Reached XP level 2. HP: 12/18 MP: 2/2
   194 | D:3      | Reached XP level 3. HP: 23/23 MP: 3/3
   200 | D:4      | Found a staircase to the Ecumenical Temple.
   209 | Temple   | Entered the Ecumenical Temple
   322 | D:4      | Noticed a small abomination
   482 | Temple   | Became a worshipper of Gozag Ym Sagoz the Greedy
  1370 | D:2      | Reached XP level 4. HP: 25/28 MP: 4/4
  1422 | D:2      | Noticed Robin
  1439 | D:2      | Killed Robin
  1764 | D:2      | Reached skill level 5 in Shapeshifting
  1969 | D:2      | Reached XP level 5. HP: 28/33 MP: 5/5
  2183 | D:2      | Found a runed translucent door.
  2184 | D:2      | Noticed Crazy Yiuf
  2190 | D:2      | Killed Crazy Yiuf
  2332 | D:3      | Noticed Grinder
  2340 | D:3      | Paralysed by Grinder for 4 turns
  2364 | D:3      | Gained mutation: You have supernaturally acute eyesight.
                  | (SInv) [potion of mutation]
  2364 | D:3      | Gained mutation: You possess an exceptional clarity of
                  | mind. [potion of mutation]
  2364 | D:3      | Gained mutation: You are partially covered in iridescent
                  | scales. (AC +2) [potion of mutation]
  2368 | D:3      | Paralysed by Grinder for 5 turns
  2374 | D:3      | Killed Grinder
  2375 | D:3      | Reached XP level 6. HP: 20/38 MP: 6/6
  3271 | D:4      | Found a transporter.
  3271 | D:4      | Noticed a small abomination
  3387 | D:4      | Found a transporter.
  3388 | D:4      | Noticed zenocrate's ghost (amateur VSEn)
  3389 | D:4      | Found a one-way gate to the infinite horrors of the Abyss.
  3430 | D:4      | Reached XP level 7. HP: 30/43 MP: 7/7
  3657 | D:4      | Noticed Blork the orc
  3664 | D:4      | Killed Blork the orc
  3873 | D:5      | Entered Level 5 of the Dungeon
  4025 | D:5      | Reached XP level 8. HP: 46/48 MP: 8/8
  4335 | D:5      | Found a glowing golden altar of the Shining One.
  4923 | D:5      | Reached skill level 10 in Shapeshifting
  5164 | D:6      | Reached XP level 9. HP: 48/53 MP: 9/9
  5245 | D:6      | Found a bloodstained altar of Trog.
  5357 | D:6      | Found a radiant altar of Vehumet.
  5404 | D:6      | Noticed Edmund
  5415 | D:6      | Killed Edmund
  5970 | D:7      | Noticed a cyclops
  5970 | D:7      | Found Wefeaggo's Assorted Antiques.
  5983 | D:7      | Killed a cyclops
  5998 | D:7      | Bought a knobbly peridot ring for 160 gold pieces
  6006 | D:7      | Found a sacrificial altar of Ru.
  6467 | D:7      | Found a snail-covered altar of Cheibriados.
  6472 | D:7      | Found a shimmering altar of Xom.
  6633 | D:7      | Reached XP level 10. HP: 45/58 MP: 10/10
  6723 | D:7      | Found Payge's Jewellery Shop.
  6728 | D:7      | Noticed Prince Ribbit
  6732 | D:7      | Killed Prince Ribbit
  7245 | D:9      | Found a broken altar of Ashenzari.
  7476 | D:9      | Found a shimmering altar of Xom.
  7619 | D:9      | Noticed a +0 falchion
  7619 | D:9      | Noticed a +0 dagger
  7619 | D:9      | Noticed a +0 spear
  7620 | D:9      | Noticed a +0 spear
  7620 | D:9      | Noticed a +0 dagger
  7621 | D:9      | Noticed a +0 short sword
  7622 | D:9      | Noticed a +0 falchion
  7630 | D:9      | Found a sparkling altar of Nemelex Xobeh.
  8063 | D:9      | Found an iron altar of Okawaru.
  8124 | D:9      | Noticed a +0 short sword
  8387 | D:7      | Bought the ring "Ogu Arih" {EV+5 Dex+2 Slay+3} for 777 gold
                  | pieces
  8418 | D:8      | Found Imuatu's Weapon Shop.
  8698 | D:8      | Found Lalub's Jewellery Shop.
  8733 | D:8      | Found Tejyisui's Distillery.
  8898 | D:8      | Found a white marble altar of Elyvilon.
  8910 | D:8      | Reached skill level 5 in Unarmed Combat
  9072 | D:8      | Found Mum Wiudof's Antique Weapon Shoppe.
  9222 | D:8      | Found Muheawn's Jewellery Boutique.
  9319 | D:8      | Found a staircase to the Lair.
  9428 | D:8      | Reached XP level 11. HP: 46/67 MP: 7/11
  9581 | D:9      | Found an ancient bone altar of Kikubaaqudgha.
  9763 | D:9      | Found a glowing golden altar of the Shining One.
  9764 | D:9      | Noticed a cyclops
  9770 | D:9      | Killed a cyclops
 10016 | D:9      | Found a hide-covered altar of Uskayaw.
 10116 | D:10     | Entered Level 10 of the Dungeon
 10116 | D:10     | Found a transporter.
 10116 | D:10     | Found a transporter.
 10231 | D:10     | Found a transporter.
 10234 | D:10     | Found a transporter.
 10421 | D:10     | Found a transporter.
 10422 | D:10     | Found a transporter.
 10615 | D:8      | Bought the amulet of the Morning {Reflect Regen+ SH+5} for
                  | 444 gold pieces
 10769 | D:10     | Noticed a two-headed ogre
 10776 | D:10     | Killed a two-headed ogre
 10981 | Lair:1   | Entered Level 1 of the Lair of Beasts
 10981 | Lair:1   | Found a sparkling altar of Nemelex Xobeh.
 11101 | Lair:1   | Noticed Grum
 11135 | Lair:1   | Killed Grum
 11275 | D:8      | Bought a potion of heal wounds for 75 gold pieces
 11335 | Lair:1   | Noticed Fannar
 11347 | Lair:1   | Killed Fannar
 11439 | Lair:1   | Reached skill level 5 in Fighting
 11639 | Lair:1   | Reached skill level 5 in Dodging
 11647 | Lair:1   | Reached XP level 12. HP: 77/77 MP: 12/12
 11699 | Lair:1   | Noticed a boulder beetle
 11713 | Lair:1   | Killed a boulder beetle
 11804 | Lair:1   | Noticed Jase's ghost (journeyman DrSh)
 11869 | Lair:1   | Found a runed translucent door.
 12395 | Lair:2   | Reached skill level 10 in Unarmed Combat
 13087 | Lair:2   | Found a staircase to the Snake Pit.
 13140 | D:8      | Bought a dragon-blood talisman for 660 gold pieces
 13956 | Lair:3   | Found a staircase to the Shoals.
 13966 | Lair:3   | Reached XP level 13. HP: 85/85 MP: 13/13
 14602 | Lair:4   | Reached skill level 15 in Shapeshifting
 15263 | Lair:5   | Entered Level 5 of the Lair of Beasts
 15636 | Lair:5   | Reached XP level 14. HP: 94/94 MP: 14/14
 15921 | Lair:5   | Found a staircase to the Slime Pits.
 15921 | Lair:5   | Found a viscous altar of Jiyva.
 16261 | Lair:5   | Found a burning altar of Makhleb.
 16446 | Lair:5   | Found a gateway to Hell.
 16799 | D:8      | Bought the ring "Gyimexzor" {rC++ rN++ Slay+4} for 1308
                  | gold pieces
 17349 | D:11     | Found a portal to a secret trove of treasure.
 18136 | D:12     | Got Atybeiga's Exposition on the Inflammable Compass
 18153 | D:12     | Found a staircase to the Orcish Mines.
 19076 | D:13     | Reached XP level 15. HP: 101/101 MP: 15/15
 19113 | D:13     | Noticed Frances
 19120 | D:13     | Killed Frances
 19401 | D:13     | Reached skill level 15 in Unarmed Combat
 19404 | D:13     | Noticed a tengu reaver
 19420 | D:13     | Killed a tengu reaver
 19773 | D:13     | Identified the +2 orcbow of Fafiu {speed, rN+++ Int+4 Dex-5
                  | SInv}
 19992 | Orc:1    | Entered Level 1 of the Orcish Mines
 20047 | Orc:2    | Entered Level 2 of the Orcish Mines
 20063 | Orc:2    | Noticed Snorg
 20070 | Orc:2    | Killed Snorg
 20142 | Orc:2    | Found a staircase to the Elven Halls.
 20421 | Orc:2    | Noticed Maurice
 20422 | Orc:2    | Killed Maurice
 20436 | Orc:2    | Reached skill level 10 in Fighting
 20532 | Orc:2    | Paralysed by an ogre mage for 5 turns
 20539 | Orc:2    | Found Vuf Mali's Antique Armour Shoppe.
 20539 | Orc:2    | Found Bac Ceesch's Antique Armour Boutique.
 20543 | Orc:2    | Found Lehuw's Magic Scroll Boutique.
 20543 | Orc:2    | Found Rucvukko's Antique Armour Emporium.
 21474 | D:14     | Reached XP level 16. HP: 110/110 MP: 16/16
 21585 | D:14     | Found a gate to the Vaults.
 22559 | Snake:1  | Entered Level 1 of the Snake Pit
 22860 | Snake:1  | Identified the serpent talisman "Javiudiz" {Dex+2}
 22860 | Snake:1  | Noticed Aizul
 22868 | Snake:1  | Killed Aizul
 22880 | Snake:1  | You are sucked into a shaft and drop 1 floor!
 23320 | Snake:1  | Found Poujanov's General Store.
 23496 | Snake:2  | Found Ugeq Ono's Antique Weapon Emporium.
 23760 | Snake:2  | Found Fadal's Weapon Shoppe.
 23979 | D:7      | Bought the ring of Balance {rN+ Str+3 Dex+6} for 695 gold
                  | pieces
 24036 | D:7      | Bought the dreamshard necklace {Acrobat *Dream} for 2800
                  | gold pieces
 24036 | D:7      | Found the dreamshard necklace {Acrobat *Dream}
 24142 | Snake:2  | Found Pyruahe's Antique Armour Shop.
 24208 | Snake:2  | Found Xeczobe's Distillery.
 24216 | Snake:2  | Reached skill level 10 in Dodging
 24220 | Snake:2  | Bought a potion of heal wounds for 85 gold pieces
 24220 | Snake:2  | Bought a potion of heal wounds for 85 gold pieces
 25473 | Snake:3  | Found Daveesm's Assorted Antiques.
 25523 | Snake:3  | Bought an onyx ring for 165 gold pieces
 25523 | Snake:3  | Bought a potion of heal wounds for 165 gold pieces
 25523 | Snake:3  | Bought 3 scrolls labelled SYITYQ IC ZOYNG for 99 gold
                  | pieces
 25545 | Snake:3  | Acquired a +4 ring of protection
 25546 | Snake:3  | Acquired 896 gold pieces
 25547 | Snake:3  | Acquired a manual of Shapeshifting
 25775 | Snake:3  | Reached XP level 17. HP: 117/117 MP: 17/17
 26451 | Snake:3  | Found Tarefab's Book Emporium.
 26451 | Snake:3  | Found Qirinwergh's Jewellery Boutique.
 26452 | Snake:3  | Found Soduutoj's Jewellery Boutique.
 26769 | Snake:4  | Entered Level 4 of the Snake Pit
 27936 | Snake:4  | Reached XP level 18. HP: 126/126 MP: 13/18
 27993 | Snake:4  | Got a serpentine rune of Zot
 28787 | Lair:1   | Killed Jase's ghost
 28986 | D:4      | Killed zenocrate's ghost
 29278 | Vaults:1 | Entered Level 1 of the Vaults
 29336 | Vaults:1 | Bought 2 potions of resistance for 420 gold pieces
 30223 | Vaults:1 | Got the Octavo of Thermatology
 30558 | Vaults:1 | Noticed a quicksilver dragon
 30836 | Vaults:2 | Reached XP level 19. HP: 134/134 MP: 19/19
 31668 | Vaults:1 | Bought 3 potions of experience for 2100 gold pieces
 31799 | Orc:2    | Bought a scroll of enchant weapon for 90 gold pieces
 33308 | Vaults:3 | Found Jeddiud's Magic Scroll Emporium.
 33311 | Vaults:3 | Bought a scroll of blinking for 135 gold pieces
 33416 | Vaults:3 | Noticed Jory
 33428 | Vaults:3 | Killed Jory
 33429 | Vaults:3 | Reached XP level 20. HP: 143/143 MP: 20/20
 33607 | Vaults:3 | Found a staircase to the Crypt.
 33609 | Vaults:3 | Found Bosit's Armour Shop.
 34455 | Shoals:1 | Entered Level 1 of the Shoals
 35449 | Shoals:2 | Noticed Polyphemus
 35458 | Shoals:2 | Killed Polyphemus
 36562 | Shoals:3 | Reached skill level 1 in Air Magic
 36992 | Shoals:3 | Identified the +2 animal skin "Enli Poa" {Dex+5}
 37152 | Shoals:4 | Entered Level 4 of the Shoals
 37233 | Shoals:4 | Found Xiedaixt's Book Shop.
 37321 | Shoals:4 | Got a barnacled rune of Zot
 37346 | Shoals:4 | Bought a book of the Moon for 440 gold pieces
 37746 | Shoals:4 | Reached skill level 15 in Fighting
 37746 | Shoals:4 | Reached XP level 21. HP: 151/151 MP: 21/21
 37749 | Shoals:4 | Reached XP level 22. HP: 157/157 MP: 22/22
 37750 | Shoals:4 | Reached skill level 5 in Air Magic
 37750 | Shoals:4 | Reached XP level 23. HP: 162/162 MP: 23/23
 37814 | Shoals:4 | Reached XP level 24. HP: 170/170 MP: 23/23
 38562 | Vaults:3 | Learned a level 5 spell: Silence
 38753 | Vaults:4 | Identified the +9 war axe "Juuxyeb" {flame, rElec Will+
                  | Int+3}
 38822 | Vaults:4 | Noticed Mara
 38828 | Vaults:4 | Noticed pigah's illusion
 38832 | Vaults:4 | Killed Mara
 39442 | Vaults:4 | Noticed Saint Roka
 39469 | Vaults:4 | Killed Saint Roka
 39565 | Vaults:4 | Found a huge runed translucent gate.
 39565 | Vaults:4 | Found a huge runed translucent gate.
 39565 | Vaults:4 | Found a huge runed translucent gate.
 39565 | Vaults:4 | Found a huge runed translucent gate.
 39565 | Vaults:4 | Found a huge runed translucent gate.
 39565 | Vaults:4 | Found a huge runed translucent gate.
 39565 | Vaults:4 | Found a huge runed translucent gate.
 39566 | Vaults:4 | Found a huge runed translucent gate.
 39566 | Vaults:4 | Found a huge runed translucent gate.
 39566 | Vaults:4 | Found a huge runed translucent gate.
 39566 | Vaults:4 | Found a huge runed translucent gate.
 39567 | Vaults:4 | Found a huge runed translucent gate.
 39567 | Vaults:4 | Found a huge runed translucent gate.
 39568 | Vaults:4 | Found a huge runed translucent gate.
 39569 | Vaults:4 | Found a huge runed translucent gate.
 39570 | Vaults:4 | Found a huge runed translucent gate.
 39571 | Vaults:4 | Found a huge runed translucent gate.
 39572 | Vaults:4 | Found a huge runed translucent gate.
 39572 | Vaults:4 | Found a huge runed translucent gate.
 39578 | Vaults:4 | Found a huge runed translucent gate.
 39585 | Vaults:4 | Found a huge runed translucent gate.
 39585 | Vaults:4 | Found a huge runed translucent gate.
 39585 | Vaults:4 | Found a huge runed translucent gate.
 39585 | Vaults:4 | Found a huge runed translucent gate.
 39587 | Vaults:4 | Found a huge runed translucent gate.
 39588 | Vaults:4 | Found a huge runed translucent gate.
 39589 | Vaults:4 | Found a huge runed translucent gate.
 39589 | Vaults:4 | Found a huge runed translucent gate.
 39597 | Vaults:4 | Reached skill level 10 in Air Magic
 39599 | Vaults:4 | Found a huge runed translucent gate.
 39613 | Vaults:4 | Found a huge runed translucent gate.
 39615 | Vaults:4 | Found a huge runed translucent gate.
 39615 | Vaults:4 | Found a huge runed translucent gate.
 39617 | Vaults:4 | Found a huge runed translucent gate.
 39620 | Vaults:4 | Found a huge runed translucent gate.
 39621 | Vaults:4 | Found a huge runed translucent gate.
 39622 | Vaults:4 | Found a huge runed translucent gate.
 39978 | Vaults:4 | Noticed a dread lich
 39981 | Vaults:4 | Killed a dread lich
 39992 | Abyss:2  | Cast into level 2 of the Abyss (a deep elf sorcerer)
 40008 | Abyss:3  | Found a corrupted altar of Lugonu.
 40011 | Abyss:3  | Found a corrupted altar of Lugonu.
 40106 | Abyss:3  | Found a corrupted altar of Lugonu.
 40108 | Abyss:3  | Found a corrupted altar of Lugonu.
 40138 | Abyss:3  | Found a corrupted altar of Lugonu.
 40420 | Vaults:4 | Escaped the Abyss
 40537 | Vaults:4 | Identified the ring "Sokluu Petio" {*Slow Fly Will+ Dex+7}
 40624 | Crypt:1  | Entered Level 1 of the Crypt
 40624 | Crypt:1  | Noticed Mennas
 40645 | Crypt:1  | Killed Mennas
 40986 | Crypt:1  | Identified the +6 long sword "Ymu Goug" {pain, rF+ Int+2}
 41057 | Crypt:1  | Acquired a manual of Dodging
 41132 | Crypt:1  | Found a runed translucent door.
 41141 | Crypt:1  | Noticed Esecs's ghost (veteran GrEE)
 41732 | Crypt:1  | Killed Esecs's ghost
 41733 | Crypt:1  | Reached XP level 25. HP: 175/175 MP: 23/23
 41848 | Crypt:2  | Reached skill level 15 in Air Magic
 42424 | Crypt:3  | Entered Level 3 of the Crypt
 42425 | Crypt:3  | Found the +9 sword of Zonguldrok {reap}
 42839 | Crypt:3  | Identified the +5 spear "Duppakk" {antimagic, rF- rC++ rN+
                  | rCorr}
 43434 | Crypt:3  | Noticed a dread lich
 43449 | Crypt:3  | Killed a dread lich
 43725 | Crypt:3  | Found a staircase to the Tomb.
 43763 | Crypt:3  | Identified the ring "Huekoric" {rC++ rN+}
 43763 | Crypt:3  | Identified the ring "Xylirr" {*Slow rN+ Str+4 Dex+2}
 44222 | D:15     | Entered Level 15 of the Dungeon
 44267 | D:15     | Found a sparkling altar of Nemelex Xobeh.
 44461 | D:15     | Found a staircase to the Depths.
 44710 | D:15     | Found an iron altar of Okawaru.
 45000 | Elf:1    | Entered Level 1 of the Elven Halls
 45178 | Elf:1    | Reached skill level 1 in Stealth
 45260 | Elf:1    | Found a crumbling gateway.
 45280 | Desolati | Entered the Desolation of Salt
 45337 | Desolati | Found the +3 pair of seven-league boots {Rampage+∞}
 45367 | Desolati | Identified the ring "Bugujoh" {rCorr Int+3}
 45374 | Desolati | Reached XP level 26. HP: 182/182 MP: 23/23
 45608 | Desolati | Identified the +5 long sword of World's End {heavy, MP+9
                  | Int+3}
 45635 | Desolati | Identified the ring of Spite {Fly Int+3 Stlth+}
 45642 | Desolati | Got Sif Muna's Cyclopedia of Orogeny and the Inferno
 45993 | Desolati | Identified the +0 long sword of the Insatiable Lovers
                  | {freeze, rElec rF+ Str-2}
 46748 | Elf:1    | Found a runed translucent door.
 46769 | Elf:1    | Noticed player's ghost (adept DENe)
 47021 | Elf:1    | Killed player's ghost
 47273 | Elf:2    | Found a flickering gateway to a bazaar.
 47336 | Bazaar   | Entered a bazaar
 47340 | Bazaar   | Found Feyl's Distillery.
 47347 | Bazaar   | Bought a potion of heal wounds for 45 gold pieces
 47349 | Bazaar   | Found Tydethir's Magic Scroll Shop.
 47355 | Bazaar   | Found Laniuch's Book Shop.
 47357 | Bazaar   | Bought a scroll of blinking for 105 gold pieces
 47357 | Bazaar   | Bought a scroll of blinking for 105 gold pieces
 47357 | Bazaar   | Found Culidyoll's Assorted Antiques.
 47362 | Bazaar   | Bought a manual of Conjurations for 1120 gold pieces
 47362 | Bazaar   | Bought Maxwell's Memoranda for 560 gold pieces
 47387 | Bazaar   | Learned a level 4 spell: Vhi's Electric Charge
 47393 | Bazaar   | Learned a level 5 spell: Arcjolt
 47402 | Bazaar   | Learned a level 8 spell: Maxwell's Capacitive Coupling
 47487 | Elf:2    | Found a runed translucent gate.
 47487 | Elf:2    | Found a runed translucent gate.
 47487 | Elf:2    | Found a runed translucent gate.
 47655 | Elf:2    | Identified the +9 short sword "Apleraca" {drain, Stlth+}
 48034 | Elf:2    | Reached skill level 1 in Conjurations
 48142 | Elf:2    | Reached skill level 1 in Spellcasting
 48572 | D:11     | You paid a toll of a +7 demon trident to enter a treasure
                  | trove
 48573 | Trove    | Entered a treasure trove
 48580 | Trove    | Identified the ring of Dugeetev {Wiz ^Contam Str+4 Int+9
                  | Dex+2}
 48582 | Trove    | Identified the amulet "Unadux" {Faith Will+ Dex+6}
 48585 | Trove    | Identified the ring of Azorumoi {Fire *Corrode rPois MP+9
                  | Int+6}
 48589 | Trove    | Identified the ring of Crawling {Fire rElec rPois rN+ Int-4
                  | Dex+2}
 48592 | Trove    | Identified the amulet "Cuxzoenn" {*Slow +Blink rElec Regen+
                  | Str+4}
 48594 | Trove    | Identified the ring of the Grand God {rC+ rN+ Int+2 SInv}
 48714 | Elf:3    | Entered Level 3 of the Elven Halls
 49537 | Elf:3    | Acquired the staff "Beastslayer" {^Drain rElec rN+ Necro
                  | Air}
 49685 | Elf:3    | Reached skill level 5 in Stealth
 49707 | Elf:3    | Reached skill level 5 in Conjurations
 49899 | Elf:3    | Identified the +2 battleaxe "Qurghuxu" {drain, rC+ Int+4}
 49899 | Elf:3    | Identified the ring "Voyddali" {Ice MP+9 Int+2 Slay+3
                  | Stlth-}
 50156 | Elf:3    | Identified the +0 spear of Rompynn {protect, rN++ Str-3}
 50169 | Elf:3    | Identified the +1 broad axe of Ziud {drain, rF+ Dex+2
                  | Stlth+}
 50258 | Elf:3    | Got the Opusculum on Unified Battling
 50341 | Elf:3    | Identified the staff "Etodd" {rC+ rN+ Hexes Necro}
 50361 | Elf:3    | Identified the +1 orcbow of Xaizi {speed, rPois rN+ SInv}
 50621 | Elf:3    | Bought a potion of mutation for 136 gold pieces
 50818 | Depths:1 | Entered Level 1 of the Depths
 50868 | Depths:1 | Reached XP level 27. HP: 191/191 MP: 21/27
 51500 | Depths:1 | Found a one-way gateway to a ziggurat.
 52520 | Depths:2 | Found a runed translucent door.
 52629 | Depths:2 | Identified the +11 great sword of Fortitude {drain, rF+
                  | Will+ Str-5 SInv}
 52644 | Depths:2 | Found a runed translucent door.
 52881 | Depths:2 | Found a one-way gate leading to the halls of Pandemonium.
 53574 | Slime:1  | Entered Level 1 of the Pits of Slime
 53710 | Slime:2  | Paralysed by a formless jellyfish for 1 turns
 54017 | Slime:5  | Entered Level 5 of the Pits of Slime
 54136 | Slime:5  | Noticed the Royal Jelly
 54140 | Slime:5  | Killed the Royal Jelly
 54874 | Slime:5  | Got a slimy rune of Zot
 54875 | Slime:5  | Identified the +9 broad axe "Agher" {flame, MP-9 Int+5}
 55537 | Vaults:5 | Entered Level 5 of the Vaults
 55560 | Vaults:5 | Noticed a dread lich
 55562 | Vaults:5 | Reached skill level 15 in Dodging
 55571 | Vaults:5 | Killed a dread lich
 55595 | Vaults:5 | Reached skill level 10 in Conjurations
 55674 | Vaults:5 | Noticed a dread lich
 55693 | Vaults:5 | Killed a dread lich
 56313 | Vaults:5 | Noticed a dread lich
 56323 | Vaults:5 | Killed a dread lich
 56391 | Vaults:5 | Acquired the ring of Awkewud {rCorr Int+8}
 56489 | Vaults:5 | Identified the staff of Fate {rElec MP+9 Dex-5 Conj Earth}
 56760 | Vaults:5 | Got a silver rune of Zot
 56892 | Vaults:5 | Got the Volume of Graupel and Transportation
 56915 | Vaults:5 | Identified the staff of Diumut {rElec Str-4 Conj Air}
 57111 | Vaults:5 | Identified the +6 quarterstaff of Neviff {flame, rPois
                  | Str+4 Stlth+}
 57534 | Depths:3 | Found Zin's Purification Station.
 57624 | Depths:3 | Found a glowing silver altar of Zin.
 58286 | Depths:4 | Entered Level 4 of the Depths
 58299 | Depths:4 | Found Wahysh's Book Shoppe.
 58299 | Depths:4 | Found Evat's General Store.
 58300 | Depths:4 | Found Qatoag's Distillery.
 58302 | Depths:4 | Found Osioruill's Armour Emporium.
 58355 | Depths:4 | Bought the +0 hat of Bright Knowledge {rF+} for 414 gold
                  | pieces
 58367 | Depths:4 | Bought a potion of haste for 150 gold pieces
 58367 | Depths:4 | Bought a potion of haste for 150 gold pieces
 58816 | Depths:4 | Found a gate to the Realm of Zot.
 58919 | Depths:4 | Reached skill level 10 in Stealth
 59225 | Depths:4 | Found Big Baal Hell's Store.
 59768 | Snake:3  | Bought a book of Annihilations for 1020 gold pieces
 59778 | Snake:3  | Learned a level 9 spell: Chain Lightning
 60156 | Zot:1    | Entered Level 1 of the Realm of Zot
 61804 | Zot:3    | Noticed Parghit
 61805 | Zot:3    | Found a transporter.
 61805 | Zot:3    | Killed Parghit
 61810 | Zot:3    | Noticed Uneer's ghost (legendary GnFE)
 61810 | Zot:3    | Noticed a dread lich
 61883 | Zot:3    | Identified the ring of Damickig {Ice rPois Will+}
 61883 | Zot:3    | Noticed Josephina
 61887 | Zot:3    | Killed Josephina
 62265 | Zot:3    | Found a transporter.
 62366 | Zot:3    | Noticed a dread lich
 62381 | Zot:3    | Killed a dread lich
 62385 | Zot:3    | Killed a dread lich
 62400 | Zot:3    | Killed Uneer's ghost
 62483 | Zot:3    | Got the Writings on Flammable Detritus
 62543 | Zot:4    | Reached skill level 5 in Spellcasting
 62802 | Zot:4    | Identified the +2 hand axe of Infection {vamp, rF+}
 63447 | Zot:4    | Learned a level 3 spell: Swiftness
 63682 | Pan      | Entered Pandemonium
 64054 | Pan      | Found a white marble altar of Elyvilon.
 64066 | Pan      | Reached skill level 15 in Conjurations
 64404 | Pan      | Found a glowing silver altar of Zin.
 64411 | Pan      | Identified the +13 tower shield "Waokh" {Harm rPois Int-4}
 65574 | Pan      | Got Sif Muna's Encyclopedia of the Adder
 65762 | Pan      | Found a glowing golden altar of the Shining One.
 65777 | Pan      | Identified the +9 morningstar of World's End {protect, rF+
                  | rC+++ Will-}
 65777 | Pan      | Identified the ring "Zeyff" {rPois rF+ Int+2}
 65777 | Pan      | Noticed a seraph
 65785 | Pan      | Killed a seraph
 65879 | Pan      | Identified the staff "Sugibype" {rF+ Hexes Fire}
 65884 | Pan      | Got a demonic rune of Zot
 65896 | Pan      | Identified the +0 robe "Ublufo" {rC- rN+++ Int+3 Archmagi}
 66016 | Pan      | Found an opulent altar of Gozag.
 66016 | Pan      | Found Ekauha's Quality Elixirs.
 66041 | Pan      | Found an opulent altar of Gozag.
 66059 | Pan      | Found Ekauha's Book Boutique.
 66086 | Pan      | Found an opulent altar of Gozag.
 66090 | Pan      | Noticed Ekauha the pandemonium lord
 66093 | Pan      | Gained mutation: You are vulnerable to heat. (rF-) [a
                  | cacodemon]
 66096 | Pan      | Killed Ekauha the pandemonium lord
 66114 | Pan      | Found Ekauha's Rarities Depot.
 66301 | Pan      | Bought a potion of mutation for 184 gold pieces
 66301 | Pan      | Bought 2 potions of heal wounds for 230 gold pieces
 66301 | Pan      | Bought a potion of heal wounds for 115 gold pieces
 66301 | Pan      | Bought a potion of magic for 184 gold pieces
 66301 | Pan      | Bought a potion of magic for 184 gold pieces
 66301 | Pan      | Bought a potion of haste for 230 gold pieces
 66301 | Pan      | Bought a potion of haste for 230 gold pieces
 66301 | Pan      | Bought a potion of mutation for 184 gold pieces
 66301 | Pan      | Bought a potion of heal wounds for 115 gold pieces
 66322 | Pan      | Found Ekauha's Exquisite Manuscripts.
 66614 | Pan      | Noticed Mithranad the pandemonium lord
 66627 | Pan      | Killed Mithranad the pandemonium lord
 66949 | Pan      | Noticed Huegiago the pandemonium lord
 66974 | Pan      | Killed Huegiago the pandemonium lord
 67103 | Pan      | Reached skill level 10 in Spellcasting
 67463 | Pan      | Noticed Dahuwkuq the pandemonium lord
 67476 | Pan      | Killed Dahuwkuq the pandemonium lord
 67913 | Pan      | Found an exit through the horrors of the Abyss.
 67944 | Pan      | Noticed Wuolueni the pandemonium lord
 67949 | Pan      | Killed Wuolueni the pandemonium lord
 68178 | Pan      | Noticed Bunaisk the pandemonium lord
 68632 | Pan      | Killed Bunaisk the pandemonium lord
 68910 | Pan      | Entered the realm of Lom Lobon.
 68910 | Pan      | Found an exit through the horrors of the Abyss.
 69786 | Pan      | Noticed Lom Lobon
 69793 | Pan      | Killed Lom Lobon
 69908 | Pan      | Got a magical rune of Zot
 70051 | Pan      | Entered the realm of Mnoleg.
 70176 | Pan      | Gained mutation: Your spells are a little easier to cast,
                  | but a little less powerful. [a cacodemon]
 70177 | Pan      | Noticed Mnoleg
 70179 | Pan      | Gained mutation: You occasionally shout uncontrollably at
                  | your foes. [a cacodemon]
 70188 | Pan      | Gained mutation: You are frail. (-10% HP) [a cacodemon]
 70193 | Pan      | Killed Mnoleg
 70194 | Pan      | Reached skill level 15 in Spellcasting
 70512 | Pan      | Got a glowing rune of Zot
 70695 | Pan      | Entered the realm of Gloorx Vloq.
 70945 | Pan      | Lost mutation: You occasionally shout uncontrollably at
                  | your foes. [potion of mutation]
 70945 | Pan      | Lost mutation: You are frail. (-10% HP) [potion of
                  | mutation]
 70945 | Pan      | Lost mutation: You possess an exceptional clarity of mind.
                  | [potion of mutation]
 70945 | Pan      | Gained mutation: You are weak. (Str -2) [potion of
                  | mutation]
 70945 | Pan      | Gained mutation: You are agile. (Dex +4, Str/Int -1)
                  | [potion of mutation]
 71290 | Pan      | Noticed Gloorx Vloq
 71299 | Pan      | Killed Gloorx Vloq
 71426 | Pan      | Got a dark rune of Zot
 71688 | Pan      | Noticed Waung the pandemonium lord
 71692 | Pan      | Killed Waung the pandemonium lord
 71794 | Pan      | Entered the realm of Cerebov.
 71827 | Pan      | Found the +6 sword of Cerebov {flame}
 71827 | Pan      | Noticed Cerebov
 71848 | Pan      | HP: 9/298 [balrug/divine providence (10)]
 71862 | Pan      | Killed Cerebov
 72134 | Pan      | Identified the +10 short sword "Waxtok" {holy, rCorr MP+9
                  | Int-5}
 72199 | Pan      | Got Further Progress in the Power of Words
 72206 | Pan      | Identified the ring of Liecodgh {^Drain rC+ rCorr Str+2
                  | Int+3}
 72324 | Pan      | Found an exit through the horrors of the Abyss.
 72611 | Pan      | Identified the ring "Ynofev" {rPois rF+ Str+3}
 72615 | Pan      | Identified the +1 swamp dragon scales of Fortitude {Harm
                  | +Inv rPois Slay-4 Stlth-}
 72621 | Pan      | Identified the +2 broad axe of Keborul {freeze, rPois}
 72634 | Pan      | Identified the +6 spear "Xom's Recklessness" {elec,
                  | *Corrode rPois rF++ SInv}
 72656 | Pan      | Identified the +1 robe "Teycie" {+Inv Dex+3}
 72730 | Pan      | Got a fiery rune of Zot
 72911 | Pan      | Took an exit into the Abyss.
 72911 | Abyss:3  | Escaped into the Abyss
 72943 | Abyss:3  | Identified the +8 plate armour of Xyonul {SInv}
 72985 | Abyss:3  | Found a corrupted altar of Lugonu.
 73039 | Abyss:3  | Found a corrupted altar of Lugonu.
 73039 | Abyss:3  | Found a corrupted altar of Lugonu.
 73039 | Abyss:3  | Found a corrupted altar of Lugonu.
 73177 | Abyss:3  | Found a corrupted altar of Lugonu.
 73248 | Abyss:3  | Found a corrupted altar of Lugonu.
 73307 | Abyss:3  | Found a corrupted altar of Lugonu.
 73381 | Abyss:3  | Found a corrupted altar of Lugonu.
 73570 | Abyss:3  | Gained mutation: You sometimes lose your temper in combat.
                  | [a neqoxec]
 73580 | Abyss:3  | Gained mutation: You are dopey. (Int -2) [a neqoxec]
 73673 | Abyss:3  | Found a corrupted altar of Lugonu.
 73819 | Abyss:3  | Found a corrupted altar of Lugonu.
 73882 | Abyss:3  | Reached skill level 15 in Stealth
 74286 | Abyss:4  | Found a corrupted altar of Lugonu.
 74433 | Abyss:4  | Found a corrupted altar of Lugonu.
 74771 | Abyss:4  | Found a corrupted altar of Lugonu.
 74806 | Abyss:4  | Paralysed by accursed screaming for 1 turns
 74965 | Abyss:4  | Found a runed translucent door.
 74976 | Abyss:4  | Found a runed translucent door.
 74976 | Abyss:4  | Found a runed translucent door.
 74976 | Abyss:4  | Found a runed translucent door.
 74976 | Abyss:4  | Found a runed translucent door.
 74976 | Abyss:4  | Found a runed translucent door.
 74980 | Abyss:4  | Found a runed translucent door.
 74988 | Abyss:4  | Found a runed translucent door.
 74989 | Abyss:4  | Found a runed translucent door.
 75002 | Abyss:4  | Found a runed translucent door.
 75003 | Abyss:4  | Found a runed translucent door.
 75013 | Abyss:4  | Found a runed translucent door.
 75015 | Abyss:4  | Found a runed translucent door.
 75017 | Abyss:4  | Found a corrupted altar of Lugonu.
 75026 | Abyss:4  | Got an abyssal rune of Zot
 75040 | Abyss:4  | Found a runed translucent door.
 75162 | Abyss:4  | Found a runed translucent door.
 75164 | Abyss:4  | Found a runed translucent door.
 75167 | Abyss:4  | Found a runed translucent door.
 75171 | Abyss:4  | Found a runed translucent door.
 75171 | Abyss:4  | Found a runed translucent door.
 75177 | Abyss:4  | Found a runed translucent door.
 75178 | Abyss:4  | Found a runed translucent door.
 75178 | Abyss:4  | Found a runed translucent door.
 75178 | Abyss:4  | Found a runed translucent door.
 75178 | Abyss:4  | Found a runed translucent door.
 75198 | Depths:3 | Escaped the Abyss
 75215 | Depths:3 | Lost mutation: You are agile. (Dex +4, Str/Int -1) [potion
                  | of mutation]
 75215 | Depths:3 | Lost mutation: You are vulnerable to heat. (rF-) [potion of
                  | mutation]
 75215 | Depths:3 | Lost mutation: You are dopey. (Int -2) [potion of mutation]
 75215 | Depths:3 | Gained mutation: You have an uncontrollable temper. [potion
                  | of mutation]
 75215 | Depths:3 | Gained mutation: You are robust. (+10% HP) [potion of
                  | mutation]
 75215 | Depths:3 | Lost mutation: You have an uncontrollable temper. [potion
                  | of mutation]
 75215 | Depths:3 | Gained mutation: You are resistant to electric shocks.
                  | (rElec) [potion of mutation]
 75216 | Depths:3 | Lost mutation: You are partially covered in iridescent
                  | scales. (AC +2) [potion of mutation]
 75216 | Depths:3 | Lost mutation: You have supernaturally acute eyesight.
                  | (SInv) [potion of mutation]
 75216 | Depths:3 | Lost mutation: You sometimes lose your temper in combat.
                  | [potion of mutation]
 75216 | Depths:3 | Lost mutation: Your spells are a little easier to cast, but
                  | a little less powerful. [potion of mutation]
 75216 | Depths:3 | Lost mutation: You are robust. (+10% HP) [potion of
                  | mutation]
 75217 | Depths:3 | Lost mutation: You are resistant to electric shocks.
                  | (rElec) [potion of mutation]
 75217 | Depths:3 | Lost mutation: You are weak. (Str -2) [potion of mutation]
 75217 | Depths:3 | Gained mutation: Your body sometimes deteriorates upon
                  | taking damage. [potion of mutation]
 75217 | Depths:3 | Gained mutation: You occasionally lose the ability to read
                  | scrolls when taking damage. [potion of mutation]
 75218 | Depths:3 | Lost mutation: You occasionally lose the ability to read
                  | scrolls when taking damage. [potion of mutation]
 75218 | Depths:3 | Lost mutation: Your body sometimes deteriorates upon taking
                  | damage. [potion of mutation]
 75218 | Depths:3 | Gained mutation: You passively map a small area around you.
                  | [potion of mutation]
 75218 | Depths:3 | Gained mutation: Your spells are a little harder to cast,
                  | but a little more powerful. [potion of mutation]
 75277 | Zig:1    | Entered Level 1 of a ziggurat
 75407 | Zig:2    | Entered Level 2 of a ziggurat
 75438 | Zig:3    | Entered Level 3 of a ziggurat
 75441 | Zig:3    | Noticed Yceasidi the pandemonium lord
 75449 | Zig:3    | Killed Yceasidi the pandemonium lord
 75482 | Zig:3    | Acquired 1107 gold pieces
 75489 | Zig:4    | Entered Level 4 of a ziggurat
 75566 | Zig:5    | Entered Level 5 of a ziggurat
 75657 | Zig:6    | Entered Level 6 of a ziggurat
 75881 | Zig:7    | Entered Level 7 of a ziggurat
 75923 | Zig:7    | Identified the +5 chain mail of Decihoto {+Blink rF+ Dex+5
                  | Slay-3}
 76075 | Zig:7    | Got Sif Muna's Treatise on Obstruction
 76080 | Zig:8    | Entered Level 8 of a ziggurat
 76088 | Zig:8    | Noticed an ancient lich
 76093 | Zig:8    | Killed an ancient lich
 76199 | Zig:8    | Identified the +5 flail "pigah's Doom" {chaos, rF++ Stlth+}
 76219 | Zig:9    | Entered Level 9 of a ziggurat
 76231 | Zig:9    | Noticed Etiodyil the pandemonium lord
 76234 | Zig:9    | Killed Etiodyil the pandemonium lord
 76238 | Zig:9    | Identified the +3 plate armour of the Dwarven Hall {rPois}
 76241 | Zig:9    | Identified the ring "Qymim" {rPois rF+ rCorr Int-3}
 76247 | Zig:9    | Identified the ring "Zese" {Fire +Blink Will+ Int-5}
 76323 | Zig:10   | Entered Level 10 of a ziggurat
 76335 | Zig:10   | Found the +9 sword of Power {lifebolt}
 76435 | Zig:11   | Entered Level 11 of a ziggurat
 76574 | Zig:11   | Found the amulet of Vitality {RegenMP++ Regen++}
 76604 | Zig:11   | Identified the +0 spear of Darkness {venom, rN+ Int+2
                  | Dex+2}
 76650 | Zig:12   | Entered Level 12 of a ziggurat
 76707 | Zig:12   | Identified the +0 pair of boots of Indomitability {*Slow
                  | rPois rF+ rC+}
 76711 | Zig:12   | Identified the amulet "Qayrchos" {Faith rN++}
 76735 | Zig:12   | Identified the +4 longbow of Fothriss {elec, Stlth+}
 76763 | Zig:13   | Entered Level 13 of a ziggurat
 76882 | Zig:13   | Identified the staff of Governance {rElec rC+ rN+ Dex+2
                  | Necro}
 76883 | Zig:13   | Identified the ring "Tehat" {rC+ rCorr}
 76886 | Zig:13   | Identified the +9 dagger of Dung {speed, rF+ Str+3 Dex+2
                  | Stlth-}
 76891 | Zig:13   | Identified the +8 glaive of the Flying Rattlesnake {heavy,
                  | *Slow rF+ rN+ Stlth+}
 76932 | Zig:14   | Entered Level 14 of a ziggurat
 76946 | Zig:14   | Noticed an ancient lich
 76948 | Zig:14   | Noticed a dread lich
 76948 | Zig:14   | Noticed a dread lich
 76950 | Zig:14   | Killed an ancient lich
 76950 | Zig:14   | Killed a dread lich
 76952 | Zig:14   | Killed a dread lich
 77024 | Zig:14   | Identified the amulet of Dithmenos's Reproof {rElec Regen+
                  | Int+4}
 77035 | Zig:14   | Identified the +4 lajatang of Ascent {flame, Will- Str-2
                  | Int+8 SInv}
 77058 | Zig:15   | Entered Level 15 of a ziggurat
 77213 | Zig:16   | Entered Level 16 of a ziggurat
 77233 | Zig:16   | Found the +10 zealot's sword {holy, Zealotry, *Rage rN+
                  | EV+3}
 77498 | Zig:16   | Acquired 562 gold pieces
 77500 | Zig:16   | Identified the +5 broad axe of Conscience {drain, rC+ Will+
                  | Str+3}
 77508 | Zig:16   | Identified the ring "Goxte" {+Blink rElec rC- Str+6 Dex+8}
 77516 | Zig:16   | Identified the +6 long sword of Siz Toej {vamp, Str+3}
 77521 | Zig:16   | Got the Incunabulum of the Blinking Fair Folk
 77561 | Zig:17   | Entered Level 17 of a ziggurat
 77578 | Zig:17   | Noticed Yfosat the pandemonium lord
 77591 | Zig:17   | HP: 15/309 [Yfosat the pandemonium lord (11)]
 77597 | Zig:17   | Killed Yfosat the pandemonium lord
 77755 | Zig:17   | Identified the +6 great mace "Doirghegh" {heavy, *Rage
                  | Will+ Str+2}
 77757 | Zig:17   | Acquired 559 gold pieces
 77820 | Zig:18   | Entered Level 18 of a ziggurat
 78018 | Zig:18   | Identified the +8 hand axe "Asatifer" {drain, Int+2}
 78132 | Zig:19   | Entered Level 19 of a ziggurat
 78225 | Zig:19   | Identified the +8 longbow "Aggureq" {freeze, Int+5}
 78245 | Zig:19   | Identified the +4 short sword "Girchu" {pain, Dex+2}
 78363 | Zig:20   | Entered Level 20 of a ziggurat
 78386 | Zig:20   | Found the +11 plutonium sword {^Contam Stlth-}
 78388 | Zig:20   | Gained mutation: You occasionally lose the ability to read
                  | scrolls when taking damage. [a shining eye]
 78497 | Zig:20   | Identified the ring "Geym" {rPois Will+ MP+9 Stlth+}
 78502 | Zig:20   | Identified the +6 hand cannon "Uvaon" {penet, rElec rF+
                  | MP+9 Str+5 Int-2}
 78575 | Zig:20   | Lost mutation: You passively map a small area around you.
                  | [potion of mutation]
 78575 | Zig:20   | Lost mutation: You occasionally lose the ability to read
                  | scrolls when taking damage. [potion of mutation]
 78575 | Zig:20   | Gained mutation: Your flesh is heat resistant. (rF+)
                  | [potion of mutation]
 78575 | Zig:20   | Gained mutation: You are agile. (Dex +4, Str/Int -1)
                  | [potion of mutation]
 78591 | Zig:21   | Entered Level 21 of a ziggurat
 78608 | Zig:21   | Noticed a royal mummy
 78615 | Zig:21   | Killed a royal mummy
 78625 | Zig:21   | Noticed a royal mummy
 78625 | Zig:21   | Noticed a royal mummy
 78625 | Zig:21   | Noticed a royal mummy
 78626 | Zig:21   | Noticed a royal mummy
 78630 | Zig:21   | Noticed a royal mummy
 78630 | Zig:21   | Noticed a royal mummy
 78631 | Zig:21   | Killed a royal mummy
 78636 | Zig:21   | Killed a royal mummy
 78639 | Zig:21   | Killed a royal mummy
 78640 | Zig:21   | Killed a royal mummy
 78642 | Zig:21   | Killed a royal mummy
 78647 | Zig:21   | Killed a royal mummy
 78811 | Zig:21   | Identified the +10 war axe "Myowe" {freeze, rElec rN+
                  | Int-2}
 78817 | Zig:21   | Identified the +9 dagger of the Grave {flame, ^Fragile
                  | +Blink Str+3 Int+7}
 78820 | Zig:21   | Identified the +4 lajatang of Ignis's Regard {spect, Will+}
 78878 | Zig:22   | Entered Level 22 of a ziggurat
 78890 | Zig:22   | Noticed Arecuost the pandemonium lord
 78909 | Zig:22   | Noticed Deeskuah the pandemonium lord
 78918 | Zig:22   | Noticed Nirraydd the pandemonium lord
 78920 | Zig:22   | Killed Deeskuah the pandemonium lord
 78920 | Zig:22   | Noticed Vumorchar the pandemonium lord
 78930 | Zig:22   | Killed Vumorchar the pandemonium lord
 78931 | Zig:22   | Noticed Gaceacs the pandemonium lord
 78931 | Zig:22   | Noticed Icuos the pandemonium lord
 78931 | Zig:22   | Noticed Aqeebes the pandemonium lord
 78931 | Zig:22   | Noticed Omaes the pandemonium lord
 78932 | Zig:22   | Reached skill level 27 in Shapeshifting
 78934 | Zig:22   | Killed Arecuost the pandemonium lord
 78934 | Zig:22   | Noticed Pobburgh the pandemonium lord
 78934 | Zig:22   | Noticed Xuibb the pandemonium lord
 78935 | Zig:22   | Killed Icuos the pandemonium lord
 78935 | Zig:22   | Noticed Meyhuss the pandemonium lord
 78937 | Zig:22   | Killed Aqeebes the pandemonium lord
 78937 | Zig:22   | Killed Omaes the pandemonium lord
 78939 | Zig:22   | Killed Gaceacs the pandemonium lord
 78941 | Zig:22   | Noticed Zehiy the pandemonium lord
 78942 | Zig:22   | Killed Meyhuss the pandemonium lord
 78943 | Zig:22   | Killed Xuibb the pandemonium lord
 78943 | Zig:22   | Noticed Camonnar the pandemonium lord
 78944 | Zig:22   | Killed Nirraydd the pandemonium lord
 78955 | Zig:22   | Killed Pobburgh the pandemonium lord
 78958 | Zig:22   | Killed Camonnar the pandemonium lord
 78969 | Zig:22   | Killed Zehiy the pandemonium lord
 79120 | Zig:22   | Identified the +5 quarterstaff of Contradiction {heavy, rF+
                  | Str+3}
 79169 | Zig:23   | Entered Level 23 of a ziggurat
 79203 | Zig:23   | Reached skill level 27 in Unarmed Combat
 79400 | Zig:23   | Identified the +5 trident "Olef" {speed, Str+2}
 79401 | Zig:23   | Identified the +6 mace "Cirelelye" {protect, rPois Will+}
 79406 | Zig:23   | Identified the +10 trident of the Hand {antimagic, ^Fragile
                  | +Blink rC+ Int+6}
 79456 | Zig:24   | Entered Level 24 of a ziggurat
 79498 | Zig:24   | Gained mutation: Your health recovers twice as slowly from
                  | being drained. [a shining eye]
 79607 | Zig:24   | Identified the +2 glaive of the Magi {vamp, rN+}
 79619 | Zig:24   | Identified the staff "Ycsatutt" {Int+2 Conj}
 79689 | Zig:25   | Entered Level 25 of a ziggurat
 80119 | Zig:25   | Identified the +3 whip "Bimuirgh Vure" {elec, rF+ rC+
                  | Will+}
 80122 | Zig:25   | Reached skill level 27 in Air Magic
 80129 | Zig:25   | Identified the amulet of Keof {Faith rC+ Str-4 Int+4 Dex+3}
 80133 | Zig:25   | Got the Atlas of Unholy Synthesis
 80139 | Zig:25   | Identified the +9 battleaxe of Vuyjeoni {heavy, rN+ Will+
                  | Int+4}
 80159 | Zig:25   | Acquired 713 gold pieces
 80189 | Zig:25   | Acquired a manual of Spellcasting
 80205 | Zig:26   | Entered Level 26 of a ziggurat
 80242 | Zig:26   | Noticed an ancient lich
 80246 | Zig:26   | Killed an ancient lich
 80436 | Zig:26   | Identified the +8 hand axe "Fiefes" {venom, rF+ SInv}
 80451 | Zig:26   | Identified the staff "Hageamai" {rN+ Dex+3 Conj}
 80457 | Zig:26   | Identified the +7 spear of Fate {freeze, rElec rPois}
 80458 | Zig:26   | Identified the +7 spear of Grandeur {freeze, Stlth+}
 80529 | Zig:27   | Entered Level 27 of a ziggurat
 80586 | Zig:27   | Found the +8 pair of quick blades "Gyre" and "Gimble"
                  | {protect}
 80590 | Zig:27   | Reached skill level 27 in Conjurations
 80641 | Zig:27   | Identified the +7 demon trident "Merue" {elec, rC+ Will-
                  | Stlth+}
 80645 | Zig:27   | Identified the +3 battleaxe "Xefut" {flame, rPois rF+ Str-2
                  | Dex+6}
 80672 | Zig:27   | Identified the +3 spear "Jinidomy" {heavy, Will+ Int+6}
 80673 | Zig:27   | Identified the staff of Jilogh {rPois Int+4 Alchemy}
 80918 | Hell     | Entered the Vestibule of Hell
 80918 | Hell     | Noticed Geryon
 80932 | Hell     | Killed Geryon
 81018 | Hell     | Found a gateway to the freezing wastes of Cocytus.
 81127 | Hell     | Found a gateway to the Iron City of Dis.
 81261 | Hell     | Found a gateway to the decaying netherworld of Tartarus.
 81301 | Hell     | Found a gateway to the ashen valley of Gehenna.
 81588 | Tar:1    | Entered Level 1 of Tartarus
 81739 | Tar:2    | Noticed an ancient lich
 81758 | Tar:2    | Killed an ancient lich
 81815 | Tar:3    | Noticed an ancient lich
 81815 | Tar:3    | Noticed a dread lich
 81815 | Tar:3    | Noticed an ancient lich
 81817 | Tar:3    | Killed a dread lich
 81818 | Tar:3    | Killed an ancient lich
 81818 | Tar:3    | Killed an ancient lich
 82580 | Tar:7    | Entered Level 7 of Tartarus
 83429 | Tar:7    | Identified the +7 falchion of the Traitor {flame, Int+2}
 83546 | Tar:7    | Reached skill level 27 in Stealth
 83715 | Tar:7    | Noticed the Serpent of Hell
 83730 | Tar:7    | Killed the Serpent of Hell
 83730 | Tar:7    | Noticed Ereshkigal
 84015 | Tar:7    | Killed Ereshkigal
 84063 | Tar:7    | Got a bone rune of Zot
 84068 | Tar:7    | Identified the staff of Discord {rElec rCorr Str+9 Int-5
                  | Earth}
 84893 | Hell     | Lost mutation: Your flesh is heat resistant. (rF+) [potion
                  | of mutation]
 84893 | Hell     | Lost mutation: Your health recovers twice as slowly from
                  | being drained. [potion of mutation]
 84893 | Hell     | Lost mutation: Your spells are a little harder to cast, but
                  | a little more powerful. [potion of mutation]
 84893 | Hell     | Gained mutation: Your mind is acute. (Int +4, Str/Dex -1)
                  | [potion of mutation]
 84893 | Hell     | Gained mutation: You occasionally lose the ability to drink
                  | potions when taking damage. [potion of mutation]
 84894 | Hell     | Lost mutation: You are agile. (Dex +4, Str/Int -1) [potion
                  | of mutation]
 84894 | Hell     | Lost mutation: You occasionally lose the ability to drink
                  | potions when taking damage. [potion of mutation]
 84894 | Hell     | Lost mutation: Your mind is acute. (Int +4, Str/Dex -1)
                  | [potion of mutation]
 84894 | Hell     | Gained mutation: One of your tentacles bears a spike.
                  | [potion of mutation]
 84894 | Hell     | Gained mutation: You have hidden genetic potential. [potion
                  | of mutation]
 84927 | Coc:1    | Entered Level 1 of Cocytus
 84930 | Coc:1    | You are sucked into a shaft and drop 1 floor!
 85797 | Coc:5    | Paralysed by a wendigo for 1 turns
 86357 | Coc:7    | Entered Level 7 of Cocytus
 86400 | Coc:7    | Noticed Antaeus
 86410 | Coc:7    | Killed Antaeus
 86504 | Coc:7    | Got an icy rune of Zot
 86683 | Coc:7    | Reached skill level 27 in Fighting
 86691 | Coc:7    | Gained mutation: You are strong-willed. (Will+) [hidden
                  | potential]
 86998 | Coc:7    | Identified the ring "Qakoe" {*Corrode rElec rPois Will+++
                  | Int+6}
 87468 | Geh:1    | Entered Level 1 of Gehenna
 87489 | Geh:1    | Reached skill level 1 in Fire Magic
 87741 | Geh:2    | Reached skill level 27 in Dodging
 88137 | Geh:3    | Noticed a dread lich
 88149 | Geh:3    | Killed a dread lich
 88612 | Geh:5    | You are sucked into a shaft and drop 1 floor!
 88714 | Geh:7    | Entered Level 7 of Gehenna
 88731 | Geh:7    | Reached skill level 5 in Fire Magic
 88874 | Geh:7    | Reached skill level 27 in Spellcasting
 88882 | Geh:7    | Reached skill level 1 in Evocations
 89476 | Geh:7    | Gained mutation: Your mind is acute. (Int +4, Str/Dex -1)
                  | [hidden potential]
 89476 | Geh:7    | Lost mutation: You have hidden genetic potential. [hidden
                  | potential expressed]
 89521 | Geh:7    | Reached skill level 10 in Fire Magic
 89564 | Geh:7    | Found the +13 sceptre of Asmodeus
 89564 | Geh:7    | Noticed Asmodeus
 89568 | Geh:7    | Killed Asmodeus
 89639 | Geh:7    | Got an obsidian rune of Zot
 89818 | Dis:1    | Entered Level 1 of the Iron City of Dis
 90027 | Dis:3    | Noticed a dread lich
 90031 | Dis:3    | Killed a dread lich
 90454 | Dis:5    | Reached skill level 15 in Fire Magic
 90757 | Dis:7    | Entered Level 7 of the Iron City of Dis
 92187 | Dis:7    | Got Piell's Secrets of Rime
 92258 | Dis:7    | Noticed Dispater
 92265 | Dis:7    | Killed Dispater
 92266 | Dis:7    | Reached skill level 5 in Evocations
 92377 | Dis:7    | Got an iron rune of Zot
 92378 | Dis:7    | Identified the +1 scale mail of Voamonkuwyt {-Tele rN+++
                  | Regen+ Int-5}
 92403 | Dis:7    | Found the amulet of the Air {Inacc Air Fly rElec RMsl}
 94809 | Tomb:1   | Entered Level 1 of the Tomb of the Ancients
 94890 | Tomb:1   | Reached skill level 1 in Staves
 95229 | Tomb:1   | Reached skill level 5 in Staves
 95252 | Tomb:1   | Noticed a royal mummy
 95253 | Tomb:1   | Reached skill level 10 in Evocations
 95260 | Tomb:1   | Killed a royal mummy
 95654 | Tomb:2   | Noticed a royal mummy
 95655 | Tomb:2   | Noticed a royal mummy
 95668 | Tomb:2   | Killed a royal mummy
 95672 | Tomb:2   | Killed a royal mummy
 95673 | Tomb:2   | Noticed a royal mummy
 95676 | Tomb:2   | Noticed a royal mummy
 95682 | Tomb:2   | Killed a royal mummy
 95685 | Tomb:2   | Killed a royal mummy
 95797 | Tomb:2   | Identified the +0 chain mail of the Forging Gods {rN+
                  | Regen+}
 96114 | Tomb:1   | Noticed a royal mummy
 96114 | Tomb:1   | Noticed a royal mummy
 96115 | Tomb:1   | Noticed a royal mummy
 96115 | Tomb:1   | Noticed a royal mummy
 96115 | Tomb:1   | Noticed a royal mummy
 96115 | Tomb:1   | Noticed a royal mummy
 96116 | Tomb:1   | Noticed a royal mummy
 96118 | Tomb:1   | Killed a royal mummy
 96118 | Tomb:1   | Killed a royal mummy
 96119 | Tomb:1   | Killed a royal mummy
 96120 | Tomb:1   | Killed a royal mummy
 96121 | Tomb:1   | Killed a royal mummy
 96121 | Tomb:1   | Killed a royal mummy
 96122 | Tomb:1   | Reached skill level 10 in Staves
 96122 | Tomb:1   | Killed a royal mummy
 96124 | Tomb:1   | Noticed a royal mummy
 96132 | Tomb:1   | Noticed a royal mummy
 96138 | Tomb:1   | Killed a royal mummy
 96144 | Tomb:1   | Killed a royal mummy
 96226 | Tomb:1   | Noticed a royal mummy
 96233 | Tomb:1   | Killed a royal mummy
 96279 | Tomb:1   | Noticed a royal mummy
 96288 | Tomb:1   | Killed a royal mummy
 96298 | Tomb:1   | Noticed a royal mummy
 96300 | Tomb:1   | Noticed a royal mummy
 96304 | Tomb:1   | Killed a royal mummy
 96307 | Tomb:1   | Killed a royal mummy
 96376 | Tomb:1   | Noticed a royal mummy
 96378 | Tomb:1   | Noticed a royal mummy
 96383 | Tomb:1   | Noticed a royal mummy
 96386 | Tomb:1   | Killed a royal mummy
 96387 | Tomb:1   | Killed a royal mummy
 96389 | Tomb:1   | Killed a royal mummy
 96641 | Tomb:3   | Entered Level 3 of the Tomb of the Ancients
 96665 | Tomb:3   | Noticed a royal mummy
 96665 | Tomb:3   | Noticed a royal mummy
 96666 | Tomb:3   | Noticed a royal mummy
 96676 | Tomb:3   | Killed a royal mummy
 96683 | Tomb:3   | Noticed a royal mummy
 96684 | Tomb:3   | Killed a royal mummy
 96684 | Tomb:3   | Noticed a royal mummy
 96688 | Tomb:3   | Killed a royal mummy
 96692 | Tomb:3   | Killed a royal mummy
 96698 | Tomb:3   | Noticed a royal mummy
 96700 | Tomb:3   | Noticed a royal mummy
 96704 | Tomb:3   | Killed a royal mummy
 96704 | Tomb:3   | Noticed Khufu
 96705 | Tomb:3   | Noticed a royal mummy
 96747 | Tomb:3   | Killed a royal mummy
 96753 | Tomb:3   | Killed a royal mummy
 96957 | Tomb:3   | Killed a royal mummy
 97015 | Tomb:3   | Killed Khufu
 97094 | Tomb:3   | Identified the +3 mace of Action {elec, rPois Will++ rCorr
                  | Stlth-}
 97141 | Tomb:3   | Identified the +0 long sword of Intuition {elec, rElec
                  | Will+++ Int-2 Dex+5}
 97278 | Tomb:3   | Got a golden rune of Zot
 98041 | Zot:5    | Entered Level 5 of the Realm of Zot
 98053 | Zot:5    | Reached skill level 15 in Staves
 98453 | Zot:5    | Noticed a dread lich
 98457 | Zot:5    | Killed a dread lich
 98458 | Zot:5    | Reached skill level 15 in Evocations
 98479 | Zot:5    | Noticed an orb of fire
 98494 | Zot:5    | Killed an orb of fire
 98623 | Zot:5    | Noticed an orb of fire
 98631 | Zot:5    | Gained mutation: You are clumsy. (Dex -2) [an orb of fire]
 98634 | Zot:5    | Killed an orb of fire
 98635 | Zot:5    | Noticed an ancient lich
 98656 | Zot:5    | Killed an ancient lich
 98924 | Zot:5    | Got the Orb of Zot
 99264 | D:12     | Noticed Joesalig the pandemonium lord
 99276 | D:12     | Killed Joesalig the pandemonium lord
 99418 | D:5      | Noticed Lifieg the pandemonium lord
 99428 | D:5      | Killed Lifieg the pandemonium lord
 99570 | D:$      | Escaped with the Orb!

Illustrated notes

Levels and vault maps discovered:
D:1:      orjb1_clovarrival, layout_basic, minmay_3d_cube
D:2:      layout_loops_ring, minmay_misc_feat_chi, uniq_crazy_yiuf_cottage,
          uniq_robin
D:3:      layout_loops_ring, uniq_grinder
D:4:      layout_basic, minmay_temple_entry_mini_moons,
          gammafunk_ghost_abyssal_escape, uniq_blork_the_orc
D:5:      layout_cave_pools, lemuel_coloured_pillars_altar, blue_anna_alchemist,
          grunt_ministairs_12, fountainhead
D:6:      layout_rooms, vehumet_crystals, trog_ov_bears_minmay,
          kennysheep_generic_room_5, uniq_edmund
D:7:      layout_loops_cross, nicolae_ru_awakened_eye,
          mainiacjoe_overflow_big_doors, serial_shops,
          nicolae_shop_gaudy_bauble, shop, uniq_prince_ribbit1
D:8:      layout_basic, elyvilon_altar_1, grunt_lair_entry_orc_guard_hut,
          serial_shops, shop, kennysheep_little_box, shop, shop_statue, shop
D:9:      layout_basic, okawaru_humans, nemelex_xobeh_ov_fountains_minmay,
          nicolae_uskayaw_en_pointe, evilmike_ruin_ashenzari,
          mainiacjoe_overflow_paths, hangedman_feature_mirror
D:10:     layout_irregular_city, fountainhead, serial_nicolae_subway,
          nicolae_sub_station_stone, nicolae_sub_station_metal,
          nicolae_sub_station_crystal
D:11:     layout_loops_corners, enter_trove_0, minmay_holes
D:12:     layout_rooms, david_orc_2
D:13:     thingy_vault, layout_loops_ring, uniq_frances
D:14:     layout_basic, lightli_vaults_fourway_checkpoint,
          hangedman_abyss_or_decor_lesser_grid
D:15:     hangedman_depths_entry_civil_slaughter, layout_irregular_city,
          serial_undead, serial_undead_a, serial_undead_b, serial_undead_d,
          serial_undead_f, chequers_serial_rivers_small_a,
          hangedman_feature_mirror
Temple:   jpeg_temple_alley_garden
Lair:1:   layout_long_grid, basic_altar, special_room [special_room_bee],
          hellmonk_ghost_happy_afterlife, grunt_forest_small_clearings,
          st_stairs_3, gammafunk_lair_bear_cave, lemuel_fruit_tree,
          lemuel_fruit_fields, uniq_grum, uniq_fannar
Lair:2:   layout_cave_pods, minmay_snake_entry_guardpost_small
Lair:3:   layout_chaotic_city, minmay_shoals_entry_hut, grunt_megastairs_2
Lair:4:   layout_gridlike, grunt_megastairs_5
Lair:5:   evil_forest, layout_gridlike, slime_entry_1
Shoals:1: layout_shoals
Shoals:2: layout_shoals, uniq_polyphemus
Shoals:3: argonaut_golden_fleece, layout_shoals, nicolae_shoals_cliffside_cave
Shoals:4: shoals_end_grunt_ice, layout_shoals, serial_shops, nicolae_shop_stone
Snake:1:  nrook_guardian_serpent_snake_passage, layout_layer_cave, serial_shops,
          shop, uniq_aizul
Snake:2:  layout_layer_cave, serial_shops, shop,
          nicolae_shop_tiny_statue_garden, shop, shop, serial_bayou_lake_a
Snake:3:  layout_chambers, serial_shops, nicolae_shop_tiny_waterfront,
          nicolae_snake_coiling_death, minmay_shop_grove
Snake:4:  snake_pit_salamanders_mu, layout_basic
Slime:1:  layout_caves
Slime:2:  layout_caves
Slime:3:  cheibrodos_slime_lost_civilization_10, layout_caves, basic_altar
Slime:4:  layout_caves
Slime:5:  slime_pit_nicolae_inversion
Orc:1:    layout_diamond_mine
Orc:2:    st_orc_ogre_mass, layout_caves, uniq_maurice, uniq_snorg
Elf:1:    eino_elf_arrival_customs, layout_onion_city,
          ebering_ghost_reflecting_pool, portal_desolation_entry_salt,
          nicolae_elf_blasts_and_bolts
Elf:2:    nicolae_elf_blades_splatter_lattice
          [nicolae_blade_entry_hurt_lockers], layout_loops_cross, serial_shops,
          bzr_entry_lakeside, nicolae_elf_stone_circles,
          serial_sigils_hangedman_scar
Elf:3:    minmay_elf_hall_hex, layout_geoelf_castle, serial_glass,
          glass_columns_a, glass_columns_b, minmay_misc_feat_five,
          nrook_loot_triangle
Vaults:1: v_misc_27, ontoclasm_vaults_chip, v_misc_18, nicolae_vaults_asterisk,
          vaults_room_door_ring, hangedman_vaults_variations,
          nicolae_vaults_specimen_jars, v_misc_27, vaults_dpeg_emergency_exit,
          layout_vaults_omnigrid
Vaults:2: nicolae_vaults_storage_room_water, nicolae_vaults_double_plus_3,
          nicolae_vaults_inception_statues, v_misc_27,
          ontoclasm_vaults_shuriken, v_misc_25, nicolae_vaults_wine_cellar,
          hangedman_vaults_nails, v_misc_15, nicolae_vaults_alarming,
          vaults_room_semicircle, hangedman_vaults_pinch,
          nicolae_vaults_closet_pinwheel_1, nicolae_vaults_tetromino_T_1,
          nicolae_vaults_prndl, ontoclasm_vaults_shout, layout_vaults_omnicross
Vaults:3: nicolae_vaults_angled_halls, ontoclasm_vaults_fault,
          nicolae_vaults_taking_the_gang_shopping, vaults_room_stairs_pillars,
          vaults_dpeg_spiral, nicolae_vaults_windows_and_doors_thing,
          vaults_standard_mumra_x, dpeg_vaults_monster_box,
          nicolae_vaults_bisected_slash, minmay_crypt_entry_simple_box,
          grunt_vaults_hallway_short, layout_vaults_chaotic_city, serial_shops,
          shop, uniq_jory
Vaults:4: hangedman_vaults_corner_blocks, nicolae_vaults_double_plus_1,
          vaults_mumra_minichess_inversion, v_misc_5,
          nicolae_vaults_circle_grid_b, v_misc_13, door_vault,
          nicolae_vaults_more_shelving_1, nicolae_vaults_storage_room_doors,
          nicolae_vaults_steering_wheel, serial_ice_m, layout_vaults_ring,
          uniq_saint_roka, uniq_mara
Vaults:5: serial_shops
Crypt:1:  layout_catacombs, ebering_ghost_inner_flame, uniq_mennas
Crypt:2:  layout_rooms
Crypt:3:  quadcrypt_mu
Tomb:1
Tomb:2
Tomb:3
Depths:1: layout_cave_pools, enter_ziggurat_e, pf_vacation_house_of_asmodeus,
          hangedman_abyss_or_decor_clamps,
          nicolae_concentric_dashed_squares_wild, ice2_lemuel
Depths:2: cheibrodos_witchhunters_guild, layout_gridlike, grunt_mini_vestibule,
          grunt_pan_entry_spiral, minmay_evil_grid
Depths:3: cheibrodos_quadrivalence, layout_basic,
          nicolae_abyss_entry_one_way_or_another, grunt_hell_entry_dis_old,
          infiniplex_staircase_zigzag_4, pan_entry, zin_purify
Depths:4: grunt_zot_entry_hairpin, layout_gridlike,
          chequers_serial_rivers_micro_b, nicolae_hell_entry_big_baal_hell,
          minmay_shoptagon
Hell
Dis:1:    layout_jigsaw, nicolae_dis_emergency_hatch
Dis:2:    layout_jigsaw, nicolae_dis_distal_crystal
Dis:3:    layout_jigsaw, hangedman_dis_chains
Dis:4:    layout_jigsaw, glass_columns_b
Dis:5:    grunt_dis_stairs_iron_hall
Dis:6:    layout_overlapping_boxes
Dis:7:    iron_city_of_dis [dis_old, dis_wall_4], layout_gridville,
          nicolae_dis_grated_feature
Geh:1:    layout_gehenna_lava_caves
Geh:2:    layout_gehenna_pools_box
Geh:3:    layout_gehenna_pools_box, special_room [special_room_morgue],
          gehenna_fire_generator
Geh:4:    layout_gehenna_pools_box
Geh:5:    layout_gehenna_lava_caves
Geh:6:    hangedman_generic_boss_arena
Geh:7:    geh_old
Coc:1:    layout_ice_bergs, nicolae_hells_seeping_fissure
Coc:2:    layout_cocytus_water_paths
Coc:3:    layout_ice_bergs
Coc:4:    layout_ice_bergs
Coc:5:    nicolae_coc_on_the_berg
Coc:6:    layout_cocytus_delve
Coc:7:    coc_dpeg
Tar:1:    layout_honeycomb, nicolae_tar_cuneiform_heaven
Tar:2:    layout_honeycomb, tekkud_tar_snaking_path
Tar:3:    layout_honeycomb, nicolae_tar_liches_on_tour
Tar:4:    layout_honeycomb
Tar:5:    nicolae_tar_intersect_combbox, layout_cathedral_of_symmetry
Tar:6:    layout_grid_maze
Tar:7:    tar_minmay_river
Zot:1:    layout_twisted_circle
Zot:2:    layout_onion, st_stairs_2
Zot:3:    layout_onion_interference, gammafunk_ghost_mausoleum, uniq_grunn,
          uniq_parghit, uniq_josephina
Zot:4:    layout_misc_corridors
Zot:5:    layout_misc_corridors, grunt_ministairs_13

Skill      XL: |  1  2  3  4  5  6  7  8  9 10 11 12 13 14 15 16 17 18 19 20 21 22 23 24 25 26 27 |
---------------+----------------------------------------------------------------------------------+-----
Shapeshifting  | 4 5 6 7 8 10 12 13 14 15 16 17 18 20 21 22 23 27 | 27.0
Fighting       | 3 5 6 8 9 10 11 12 13 14 15 16 27 | 27.0
Unarmed Combat | 5 9 11 13 14 16 17 18 19 21 22 23 24 27 | 27.0
Dodging        | 3 5 6 7 8 9 10 11 12 13 14 27 | 27.0
Air Magic      | 3 4 5 14 18 27 | 27.0
Stealth        | 2 5 27 | 27.0
Conjurations   | 6 27 | 27.0
Spellcasting   | 2 27 | 27.0
Fire Magic     | 19 | 19.9
Evocations     | 15 | 15.8
Staves         | 18 | 18.7

Action                     |  1- 3 |  4- 6 |  7- 9 | 10-12 | 13-15 | 16-18 | 19-21 | 22-24 | 25-27 || total
---------------------------+-------+-------+-------+-------+-------+-------+-------+-------+-------++-------
  Melee: Unarmed           |    72 |   100 |   219 |   564 |   640 |   676 |   585 |   400 |  5190 ||  8446
         Tentacles         |    11 |    19 |    72 |   161 |       |       |       |       |   292 ||   555
         Constrict         |    19 |    26 |    53 |    93 |       |       |       |       |   106 ||   297
         Punch             |     1 |       |       |     5 |    68 |    91 |    77 |    51 |  1119 ||  1412
         Tailslap          |       |       |       |    12 |   104 |   135 |   100 |    66 |   890 ||  1307
         Bite              |       |       |       |     9 |    80 |   100 |    65 |    50 |   597 ||   901
         Staff             |       |       |       |       |       |       |       |       |   279 ||   279
         Kick              |       |       |       |       |       |       |       |       |   190 ||   190
   Cast: Silence           |       |       |       |       |       |       |       |       |    19 ||    19
         Vhi's Electric Ch |       |       |       |       |       |       |       |       |   220 ||   220
         Chain Lightning   |       |       |       |       |       |       |       |       |   208 ||   208
         Maxwell's Capacit |       |       |       |       |       |       |       |       |    12 ||    12
         Arcjolt           |       |       |       |       |       |       |       |       |     6 ||     6
         Swiftness         |       |       |       |       |       |       |       |       |     3 ||     3
 Invoke: Call Merchant     |       |       |     1 |       |       |     3 |       |       |     3 ||     7
         Potion Petition   |       |       |       |       |       |       |       |       |    13 ||    13
Ability: Breathe Fire      |       |       |       |       |     5 |     2 |     2 |     2 |     2 ||    13
  Evoke: Wand              |       |       |     3 |     1 |       |       |       |       |     1 ||     5
         Lightning rod     |       |       |       |       |       |     3 |       |       |       ||     3
    Use: Potion            |       |     4 |       |     5 |       |       |     2 |     3 |    58 ||    72
         Scroll            |       |       |       |    10 |     5 |    11 |     4 |     2 |    28 ||    60
   Stab: Sleeping          |     2 |     1 |     1 |       |     2 |     2 |     4 |     1 |    87 ||   100
         Distracted        |       |     1 |       |     4 |     8 |     7 |    10 |     5 |   231 ||   266
         Paralysed         |       |       |     6 |       |       |       |       |       |       ||     6
         Petrifying        |       |       |       |       |     1 |       |       |       |     1 ||     2
         Petrified         |       |       |       |       |     1 |       |       |       |       ||     1
         Invisible         |       |       |       |       |       |       |       |       |    10 ||    10
 Armour: Skin              |    19 |    45 |    76 |   231 |   326 |   313 |   227 |   127 |  2018 ||  3382
  Dodge: Dodged            |    39 |    36 |   145 |   475 |   352 |   482 |   426 |   243 |  4189 ||  6387
  Block: Other             |       |       |       |    71 |   108 |    98 |    81 |    41 |   176 ||   575
         Reflection        |       |       |       |       |     5 |    21 |     7 |     4 |    17 ||    54
   Form: Flux              |       |     1 |       |       |       |       |       |       |       ||     1
         Dragon            |       |       |       |     1 |       |       |       |       |     5 ||     6
         Statue            |       |       |       |       |       |       |       |       |     2 ||     2
         Death             |       |       |       |       |       |       |       |       |     3 ||     3
